Workbook

Sheet Содержание
F2: ПРАЙС-ЛИСТ | Q2: 5 июля 2017 г.
B3: Технические характеристики оборудования, представленные в прайс-листе, могут отличаться от фактических. Информацию уточняйте на сайте novicam.ru или по тел.: 8-800-555-0520
B4: Содержание | P4: июль 2018г
C5: Акции и спецпредложения | I5: . . . . . . . . . . . . . . . . . . . . . . . . . . . . . . . . . . . . . . . . . . . . . . . . . . . . . . . . . . . . . . . | T5: 3
C6: Камеры | E6: . . . . . . . . . . . . . . . . . . . . . . . . . . . . . . . . . . . . . . . . . . . . . . . . . . . . . . . . . . . . . . . | T6: 4
D7: АНАЛОГОВЫЕ ВИДЕОКАМЕРЫ 650ТВЛ | J7: . . . . . . . . . . . . . . . . . . . . . . . . . . . . . . . . . . . . . . . . . | T7: 4
D8: AHD КАМЕРЫ 720р и 1080p | H8: . . . . . . . . . . . . . . . . . . . . . . . . . . . . . . . . . . . . . . . . . . . . . . . . . . . . . . . . . . . . . . . | T8: 4
E9: Внутренние камеры AHD
E10: Уличные (IP66) камеры AHD
D11: HD-TVI КАМЕРЫ | G11: . . . . . . . . . . . . . . . . . . . . . . . . . . . . . . . . . . . . . . . . . . . . . . . . | T11: 5
E12: Внутренние камеры HD-TVI
E13: Уличные (IP66) камеры HD-TVI
E14: HD-TVI камеры 3мп
D15: МУЛЬТИФОРМАТНЫЕ КАМЕРЫ "4 В 1" (AHD/TVI/CVI/Аналог) | M15: . . . . . . . . . . . . . . . . . . . . . . . . . . . . . . . . . . . . . . . . . . . . . . . . | T15: 6
E16: Внутренние мультиформатные камеры "4 в 1"
E17: Уличные (IP66) мультиформатные камеры "4 в 1"
D18: ПРОГРАМНОЕ ОБЕСПЕЧЕНИЕ | I18: . . . . . . . . . . . . . . . . . . . . . . . . . . . . . . . . . . . . . . . . . . . . . . . . . . . . . . . . . . . . . . . | T18: 6
D19: IP КАМЕРЫ ЛИНЕЙКИ SOHO | H19: . . . . . . . . . . . . . . . . . . . . . . . . . . . . . . . . . . . . . . . . . . . . . . . . . . . . . . . . . . . . . . . | T19: 6
E20: Внутренние IP камеры
E21: Уличные (IP66) IP камеры
D22: ПРОЕКТНЫЕ IP КАМЕРЫ ЛИНЕЙКИ NOVICAM PRO | K22: . . . . . . . . . . . . . . . . . . . . . . . . . . . . . . . . . . . . . . . . . | T22: 7
E23: Внутренние IP камеры PRO
E24: Уличные (IP66) IP камеры PRO
E25: Купольные поворотные камеры PRO
C26: Видеорегистраторы | G26: . . . . . . . . . . . . . . . . . . . . . . . . . . . . . . . . . . . . . . . . . . . . . . . . | T26: 8
D27: РЕГИСТРАТОРЫ SOHO | H27: . . . . . . . . . . . . . . . . . . . . . . . . . . . . . . . . . . . . . . . . . . . . . . . . . . . . . . . . . . . . . . . | T27: 7
E28: Аналог+AHD+IP
E29: IP
D30: РЕГИСТРАТОРЫ PRO | G30: . . . . . . . . . . . . . . . . . . . . . . . . . . . . . . . . . . . . . . . . . . . . . . . . | T30: 8
E31: Аналог+TVI + AHD + IP
E32: IP
C33: Аксессуары, комплекты, хранение | J33: . . . . . . . . . . . . . . . . . . . . . . . . . . . . . . . . . . . . . . . . . | T33: 9
D34: АКСЕССУАРЫ | F34: . . . . . . . . . . . . . . . . . . . . . . . . . . . . . . . . . . . . . . . . . . . . . . . . . . . . . . . . . . . . . . . | T34: 9
E35: Кронштейны к купольным поворотным камерам
E36: Тестер
E37: Микрофоны
E38: 3G модем
E39: Муляжи видеокамер
E40: Монтажные коробки
D41: КОМПЛЕКТЫ ВИДЕОНАБЛЮДЕНИЯ | I41: . . . . . . . . . . . . . . . . . . . . . . . . . . . . . . . . . . . . . . . . . | T41: 9
D42: РЕШЕНИЯ ДЛЯ ХРАНЕНИЯ ВИДЕОСИГНАЛА | K42: . . . . . . . . . . . . . . . . . . . . . . . . . . . . . . . . . . . . . . . . . . . . . . . . . . . . . . . . . . . . . . . | T42: 9
E43: Профессиональные флеш накопители для систем видеонаблюдения
E44: Накопители для систем видеонаблюдения
C45: Домофония | F45: . . . . . . . . . . . . . . . . . . . . . . . . . . . . . . . . . . . . . . . . . . . . . . . . . . . . . . . . . . . . . . . | T45: 10
D46: АНАЛОГОВЫЕ РЕШЕНИЯ | H46: . . . . . . . . . . . . . . . . . . . . . . . . . . . . . . . . . . . . . . . . . . . . . . . . . . . . . . . . . . . . . . . | T46: 10
E47: Видеодомофоны
E48: Аналоговые вызывные панели
E49: Модули сопряжения для видеодомофонов
D50: IP РЕШЕНИЯ
E51: IP вызывные панели
E52: IP домофоны
C53: СКУД | D53: . . . . . . . . . . . . . . . . . . . . . . . . . . . . . . . . . . . . . . . . . . . . . . . . . . . . . . . . . . . . . | T53: 12
E54: Контроллеры
E55: Кнопки выхода
E56: Замки
E57: Аксессуары к замкам
C58: Коммутационное оборудование PV-LINK | K58: . . . . . . . . . . . . . . . . . . . . . . . . . . . . . . . . . . . . . . . . . | T58: 14
D59: ПЕРЕДАЧА ВИДЕОСИГНАЛА | H59: . . . . . . . . . . . . . . . . . . . . . . . . . . . . . . . . . . . . . . . . . . . . . . . . . . . . . . . . . . . . . | T59: 14
E60: Пассивные приемо-передатчики
E61: Активные приемо передатчики и трансиверы
E62: Удлинитель аналового VGAсигнала
D63: КАБЕЛЬ, КОННЕКТОРЫ | H63: . . . . . . . . . . . . . . . . . . . . . . . . . . . . . . . . . . . . . . . . . . . . . . . . . . . . . . . . . . . . . | T63: 14
E64: Коннекторы
E65: Кабель
D66: ПРОФЕССИОНАЛЬНЫЕ PoE УСТРОЙСТВА | J66: . . . . . . . . . . . . . . . . . . . . . . . . . . . . . . . . . . . . . . . . . | T66: 15
E67: Одноканальные PoE устройства
E68: Многопортовые коммутаторы
D69: БЛОКИ ПИТАНИЯ | G69: . . . . . . . . . . . . . . . . . . . . . . . . . . . . . . . . . . . . . . . . . . . . . . . . . . . . . . . . . . . . . | T69: 15
E70: DC
E71: DC с возможностью резервирования
E72: AC
D73: ТЕСТОВОЕ ОБОРУДОВАНИЕ | H73: . . . . . . . . . . . . . . . . . . . . . . . . . . . . . . . . . . . . . . . . . . . . . . . . . . . . . . . . . . . . . | T73: 15
C74: Распродажа | G74: . . . . . . . . . . . . . . . . . . . . . . . . . . . . . . . . . . . . . . . . . . . . . . . . . . . . . . . . . . . . . | T74: 16
F78: Классификатор камер видеонаблюдения
B80: IP, TVI, AHD и аналоговые | K80: Поворотные купольные
B81: NC | C81: 2 | D81: 9 | E81: W | F81: P | K81: N | L81: P | M81: 1 | N81: 00 | O81: F
F83: P – Поддержка PoE | O83: F – Wi-Fi
F84: X – Extended IR (EXIR)
F85: F – Wi-Fi | N85: 10 – 10-ти кратный зум
N86: 18 – 18-ти кратный зум
E87: W – Всепогодная | N87: 20 – 20-ти кратный зум
E88: V – Антивандальная | N88: 23 – 23-x кратный зум
D90: 0~9 – Тип корпуса | M90: 1 – 1 Mpix
M91: 2 – 2 Mpix
C92: 1..5 – 1- 5 Mpix
C93: 6 – 600 ТВЛ и более | L93: P – Поворотная
C94: 7 – 700 ТВЛ и более
K95: A – Аналоговая технология
B96: AC – AHD технология | E96: A – Аналоговая технология | K96: N – IP технология
B97: NС – IP NOVIcam PRO | E97: N – IP технология | K97: T – TVI технология
B98: TC – линейка TVI | E98: T – TVI камера с WDR
B99: FC – линейка 4 в 1 | E99: С – муляж камеры
G102: Классификатор видеорегистраторов
B103: HD-TVI видеорегистраторы | K103: IP видеорегистраторы
B104: Т | C104: R | D104: 1 | E104: 1 | F104: 04 | G104: А | K104: N | L104: R | M104: 2 | N104: 6 | O104: 16 | P104: -P8
G106: A – Поддержка AHD | P106: -P8 – 8 PoE интерфейсов
G107: F – Поддержка всех форматов
O108: 04 – 4 канала | Q108: 24 – 24 канала
F109: 04 – 4 канала | O109: 08 – 8 каналов | Q109: 32 – 32 канала
F110: 08 – 8 каналов | O110: 16 – 16 каналов
...

Sheet Акции и спецпредложения
A1: 2
B2: Акции
C4: Видеокамеры | O4: цена c НДС, руб
C6: Матрица | D6: Люкс | E6: Разрешение | H6: Объектив | I6: Питание | J6: Особенности модели | O6: 208.8
B7: NOVICAM PRO NC44FP | C7: 1/2.8" 4.1 Mpix Progressive Scan CMOS | D7: 0.1 | E7: 4 Mp 2688x1520 15 к/с, 1080p (1920х1080) 25/30 к/с, 720p (1280x720) 25/30 к/с | H7: 2 мм | I7: 12 В DC 400 мА (ИК вкл) | J7: Компактный корпус, встроенный микрофон, динамик, 1 тревожный вх/вых, Wi-Fi, Micro SD до128-х Гб, питание PoE IEEE 802.3af, WDR | N7: 208.8 | O7: =ROUNDUP(N7*$A$1,2) -> 417.6
C8: IP видеокамера NC44FP комплектуются картой microSD 64 Гб | N8: 181.8 | O8: =ROUNDUP(N8*$A$1,2) -> 363.6
N10: 3.2 | O10: =ROUNDUP(N10*$A$1,2) -> 6.4
B11: Микрофон AM16 в подарок | C11: При покупке камер любой камеры с аудивходом N12W, N43W, N29W, N49W, NC28VP, NC29WP | N11: 0 | O11: =ROUNDUP(N11*$A$1,2) -> 0
C13: При покупке PM76 - 2 видекамеры А61 в подарок | O13: цена
M17: 146 | N17: 146 | O17: =ROUNDUP(N17*$A$1*1.5,1) -> 438
M18: 125 | N18: 125 | O18: =ROUNDUP(N18*$A$1*1.5,1) -> 375
C19: R

Sheet Analog+AHD
A1: ='Акции и спецпредложения'!$A$1 -> 2 | L1: цена
B2: АНАЛОГОВЫЕ ВИДЕОКАМЕРЫ РАЗРЕШЕНИЯ 650ТВЛ | M2: цена c НДС, руб
C3: Видеокамеры А61, А63W передают аналоговое изображение с разрешением 650 ТВЛ. В дневное время благодаря матрице 1/3" Pixel Plus NAVIGATOR II формируется качественное цветное изображение. В темное время суток включается ИК-подсветка. В черно-белом режиме убирается механический ИК-фильтр, что дает более четкое изображение и позволяет уменьшить количество шумов.
C4: Матрица | D4: Люкс | E4: Разрешение | F4: Объектив мм | G4: Угол диаг. | H4: ИК IR-cut | I4: Питание | J4: Кратность уп, шт | K4: Особенности модели
B5: NOVICAM A61 | C5: 1/3" Pixel Plus NAVIGATOR II CMOS | D5: 0.1 0 (ИК вкл) | E5: 650 | F5: 3.6 | G5: 84º | H5: 10м | I5: 12 В DC 240 мА (ИК вкл) | J5: 40 | K5: Внутреннее исполнение | L5: 10.5 | M5: =ROUNDUP(L5*$A$1,2) -> 21
B7: AHD КАМЕРЫ 720р и 1080p
A8: АHD | C8: AHD камеры сочетают в себе легкость и удобство использования аналоговых видеокамер и высокое разрешение цифровых. Технология AHD позволяет передавать устройствам видеосигнал на расстояние до 500 м и дает возможность модернизировать оборудование на объекте до HD и Full HD разрешения, использовав существующие коммуникации, без необходимости прокладки новых кабелей.
C9: Видеокамеры используют прогрессивный CMOS сенсор с разрешением до 1080p, что позволяет получить четкое и качественное изображение, причем картинка передается без задержек и потерь. В камерах реализована система шумоподавления 2D-DNR. В темное время суток выходной сигнал видеокамеры преобразуется в реальный Ч/Б сигнал, а также сдвигается цветовой светофильтр с матрицы CMOS и включается встроенная ИК подсветка. В сочетании с ИК коррекцией это позволяет минимизировать потери качества.
C10: Одной из ключевых особенностей является возможность устанавливать режим работы камер: аналоговый или AHD высокого разрешения (только для 1 Мп камер).
C11: Внутренние камеры AHD | M11: цена
C13: Матрица | D13: Люкс | E13: Разрешение | F13: Объектив мм | G13: Угол диаг. | H13: ИК IR-cut | I13: Питание | J13: Кратность уп, шт | K13: Особенности модели
B14: NOVICAM AC11 | C14: 1.0 Mpix CMOS 1/4" | D14: 0.01 0 (ИК вкл.) | E14: 720p 1280x720 25 к/с | F14: 3.6 | G14: 61º | H14: 10м | I14: 12 В DC 160 мА (ИК вкл) | J14: 40 | K14: Пластиковый корпус. Защита от переполюсовки Вращение купола на 360 градусов уже после монтажа | L14: 20.22 | M14: =ROUND(L14*$A$1,1) -> 40.4
B15: NOVICAM AC21 | C15: 2.1 Mpix CMOS 1/2.7" | E15: 1080p 1920х1080 25 к/с | G15: 90º | H15: 20м | I15: 12 В DC 210 мА (ИК вкл) | J15: 24 | K15: Пластиковый корпус, управление UTC | L15: 24.22 | M15: =ROUND(L15*$A$1,1) -> 48.4
B17: NOVICAM AC17 | C17: 1.0 Mpix CMOS 1/4" | D17: 0.01 0 (ИК вкл.) | E17: 720p 1280x720 25 к/с | F17: 2.8~12 | G17: 82°~21° | H17: 20м | I17: 12 В DC 210 мА (ИК вкл) | J17: 12 | K17: Вариофокальный объектив, пластиковый корпус, аналоговый режим | L17: 41.6 | M17: =ROUNDUP(L17*$A$1,2) -> 83.2
B18: NOVICAM AC27 | C18: 2.1 Mpix CMOS 1/2.7" | E18: 1080p 1920х1080 25 к/с | G18: 115°~35° | I18: 12 В DC 220 мА (ИК вкл) | K18: Вариофокальный объектив, пластиковый корпус | L18: 56.5 | M18: =ROUNDUP(L18*$A$1,2) -> 113
C20: Уличные камеры AHD - класс пыле-влагозащиты IP66 | M20: цена
C22: Матрица | D22: Люкс | E22: формат | F22: Объектив мм | G22: Угол диаг. | H22: ИК IR-cut | I22: Питание | J22: Кратность уп, шт | K22: Особенности модели
B23: NOVICAM AC12W | C23: 1.0 Mpix CMOS 1/4" | D23: 0.01 0 (ИК вкл.) | E23: 720p 1280x720 25 к/с | F23: 3.6 | G23: 61º | H23: 20м | I23: 12 В DC 190 мА (ИК вкл) | J23: 24 | K23: Металлический корпус | L23: 25.2 | M23: =ROUNDUP(L23*$A$1,2) -> 50.4
B24: NOVICAM AC22W | C24: 2.1 Mpix CMOS 1/2.7" | E24: 1080p 1920х1080 25 к/с | G24: 90º | I24: 12 В DC 210 мА (ИК вкл) | K24: Металлический корпус | L24: 27.36 | M24: =ROUNDUP(L24*$A$1,1) -> 54.8
B26: NOVICAM AC13W | C26: 1.0 Mpix CMOS 1/4" | D26: 0.01 0 (ИК вкл.) | E26: 720p 1280x720 25 к/с | F26: 2.8 | G26: 82º | H26: 20м | I26: 12 В DC 200 мА (ИК вкл) | J26: 40 | K26: Металлический корпус | L26: 25.4 | M26: =ROUNDUP(L26*$A$1,2) -> 50.8
B28: NOVICAM AC23W | C28: 2.1 Mpix CMOS 1/2.7" | D28: 0.01 0 (ИК вкл.) | E28: 1080p 1920х1080 25 к/с | F28: 3.6 | G28: 90º | H28: 20м | I28: 12 В DC 220 мА (ИК вкл) | J28: 40 | K28: Пластиковый корпус, управление UTC | L28: 26.54 | M28: =ROUNDUP(L28*$A$1,1) -> 53.1
B30: NOVICAM AC18W | C30: 1.0 Mpix CMOS 1/4" | D30: 0.01 0 (ИК вкл.) | E30: 720p 1280x720 25 к/с | F30: 2.8~12 | G30: 82°~21° | H30: 35м | I30: 12 В DC 270 мА (ИК вкл) | J30: 12 | K30: Вариофокальный объектив, металлический корпус, аналоговый режим | L30: 50 | M30: =ROUNDUP(L30*$A$1,2) -> 100
B31: NOVICAM AC28W | C31: 2.1 Mpix CMOS 1/2.7" | E31: 1080p 1920х1080 25 к/с | G31: 115°~35° | I31: 12 В DC 230 мА (ИК вкл) | K31: Вариофокальный объектив, металлический корпус | L31: 63.8 | M31: =ROUNDUP(L31*$A$1,2) -> 127.6
B33: NOVICAM AC19W | C33: 1.0 Mpix CMOS 1/4" | D33: 0.01 0 (ИК вкл.) | E33: 720p 1280x720 25 к/с | F33: 2.8~12 | G33: 82°~21° | H33: 25м | I33: 12 В DC 370 мА (ИК вкл) | J33: 24 | K33: Вариофокальный объектив, пластиковый корпус, аналоговый режим | L33: 43.2 | M33: =ROUNDUP(L33*$A$1,2) -> 86.4
B34: NOVICAM AC29W | C34: 2.1 Mpix CMOS 1/2.7" | E34: 1080p 1920х1080 25 к/с | G34: 115°~35° | I34: 12 В DC 230 мА (ИК вкл) | K34: Вариофокальный объектив, пластиковый корпус, управление UTC | L34: 51.2 | M34: =ROUNDUP(L34*$A$1,2) -> 102.4
B36: NOVICAM AC19WX | C36: 1.0 Mpix CMOS 1/4" | D36: 0.01 0 (ИК вкл.) | E36: 720p 1280x720 25 к/с | F36: 2.8~12 | G36: 82°~21° | H36: 50м | I36: 12 В DC 680 мА (ИК вкл) | J36: 8 | K36: Вариофокальный объектив, металлический корпус, аналоговый режим | L36: 59 | M36: =ROUNDUP(L36*$A$1,2) -> 118
B37: NOVICAM AC29WX | C37: 2.1 Mpix CMOS 1/2.7" | E37: 1080p 1920х1080 25 к/с | G37: 115°~35° | I37: 12 В DC 230 мА (ИК вкл) | K37: Вариофокальный объектив, металлический корпус | L37: 71.4 | M37: =ROUNDUP(L37*$A$1,2) -> 142.8

Sheet HD-TVI и 4в1
A1: ='Акции и спецпредложения'!$A$1 -> 2
B2: HD-TVI КАМЕРЫ
C3: HD-TVI камеры сочетают в себе легкость и удобство использования аналоговых видеокамер и высокое разрешение цифровых. Технология AHD-TVI позволяет передавать видеосигнал на расстояние до 500 м и дает возможность модернизировать оборудование на объекте до HD и Full HD разрешения, использовав существующие коммуникации, без необходимости прокладки новых кабелей .
A4: TVI | C4: Видеокамеры используют прогрессивный CMOS сенсор с HD разрешением, что позволяет получить четкое и качественное изображение, причем картинка передается без задержек и потерь. В камерах реализована система шумоподавления 2D-DNR. В темное время суток выходной сигнал видеокамеры преобразуется в реальный Ч/Б сигнал, а также сдвигается цветовой светофильтр с матрицы CMOS и включается встроенная ИК подсветка. В сочетании с ИК коррекцией это позволяет минимизировать потери качества.
C5: Одной из ключевых особенностей является возможность устанавливать режим работы камер: аналоговый или TVI высокого разрешения (только для 1 Мп камер и TC27).
C6: Внутренние камеры HD-TVI | M6: цена c НДС, руб
C8: Матрица | D8: Люкс | E8: Разрешение | F8: Объектив мм | G8: Угол диаг. | H8: ИК IR-cut | I8: Питание | J8: Кратность уп, шт | K8: Особенности модели
B9: NOVICAM PRO TC10 | C9: 1.3 Mpix CMOS 1/4" | D9: 0.01 0,001 ч/б | E9: 720p 1280x720 25 к/с | F9: 2.8 | G9: 82º | H9: - | I9: 12 В DC 250 мА (ИК выкл) | J9: 36 | K9: Пластиковый корпус, отсутствие ИК подстветки | L9: 10.6 | M9: =ROUNDUP(19.9*$A$1,2) -> 39.8
B10: NOVICAM PRO TC11 | D10: 0.01 0 (ИК вкл. | H10: 20м | I10: 12 В DC 300 мА (ИК вкл) | K10: Пластиковый корпус, аналоговый режим | L10: 22.4 | M10: =ROUNDUP(L10*$A$1,2) -> 44.8
B12: NOVICAM PRO TC27 | C12: 2.1 Mpix CMOS 1/2.7" | D12: 0.01 0 (ИК вкл.) | E12: 1080p 1920х1080 25/30 к/с | F12: 2.8~12 | G12: 115°~35° | H12: 30м | I12: 12 В DC 250 мА (ИК вкл) | J12: 18 | K12: Компенсация задней подстветки BLC, Управление UTC, вариофокальный объектив, пластиковый корпус, аналоговый режим | L12: 84.6 | M12: =ROUNDUP(L12*$A$1,2) -> 169.2
C14: Уличные камеры HD-TVI - класс пыле-влагозащиты IP66 | M14: цена
C16: Матрица | D16: Люкс | E16: Разрешение | F16: Объектив мм | G16: Угол диаг. | H16: ИК IR-cut | I16: Питание | J16: Кратность уп, шт | K16: Особенности модели
B17: NOVICAM PRO TC12W | C17: 1.3 Mpix CMOS 1/4" | D17: 0.01 0 (ИК вкл.) | E17: 720p 1280x720 25 к/с | F17: 2.8 | G17: 82º | H17: 20м | I17: 12 В DC 310 мА (ИК вкл) | J17: 36 | K17: Гибридный корпус, аналоговый режим | L17: 30,4 | M17: =ROUNDUP(L17*$A$1,2) -> 60.8
B18: NOVICAM PRO TC22W | C18: 2.1 Mpix CMOS 1/3" | E18: 1080p 1920х1080 25 к/с | G18: 102º | I18: 12 В DC 250 мА (ИК вкл) | K18: Металлический корпус | L18: 46.5 | M18: =ROUNDUP(L18*$A$1,2) -> 93
B20: NOVICAM PRO TC18W | C20: 1.3 Mpix CMOS 1/4" | D20: 0.01 0 (ИК вкл.) | E20: 720p 1280x720 25 к/с | F20: 2.8~12 | G20: 82°~21° | H20: 35м | I20: 12 В DC 370 мА (ИК вкл) | J20: 18 | K20: Вариофокальный объектив, металлический корпус, аналоговый режим | L20: 64.6 | M20: =ROUNDUP(L20*$A$1,2) -> 129.2
B21: NOVICAM PRO TC28W | C21: 2.1 Mpix CMOS 1/2.7" | E21: 1080p 1920х1080 25 к/с | G21: 115°~35° | I21: 12 В DC 330 мА (ИК вкл) | K21: Вариофокальный объектив, металлический корпус | L21: 96.9 | M21: =ROUNDUP(L21*$A$1,2) -> 193.8
B23: NOVICAM PRO TC19W | C23: 1.3 Mpix CMOS 1/4" | D23: 0.01 0 (ИК вкл.) | E23: 720p 1280x720 25 к/с | F23: 2.8~12 | G23: 82°~21° | H23: 35м | I23: 12 В DC 370 мА (ИК вкл) | J23: 12 | K23: Вариофокальный объектив, металлический корпус ,аналоговый режим | L23: 61.5 | M23: =ROUNDUP(L23*$A$1,2) -> 123
B24: NOVICAM PRO TC29W | C24: 2.1 Mpix CMOS 1/2.7" | E24: 1080p 1920х1080 25 к/с | G24: 115°~35° | I24: 12 В DC 330 мА (ИК вкл) | K24: Вариофокальный объектив, металлический корпус | L24: 96.9 | M24: =ROUNDUP(L24*$A$1,2) -> 193.8
B25: NOVICAM PRO TSC29W | C25: 2.1 Mpix CMOS 1/2.7" | D25: 0.001 | E25: 1080p 1920х1080 25 к/с | K25: TVI Starlihht видеокамера, моторизитрованный зум с автофокусом | L25: 139 | M25: =ROUNDUP(L25*$A$1,2) -> 278
B28: NOVICAM PRO T29W | C28: 2.1 Mpix Panasonic CMOS 1/3" | D28: 0.01 0 (ИК вкл.) | E28: 1080p 1920х1080 25 к/с | F28: 2.8~12 | G28: 102°~28° | H28: 50м | I28: 12 В DC 580 мА (ИК вкл) | J28: 9 | K28: UTC, WDR, BLC, интеллектуальный зум, 3D-DNR, выриофокальный объектив. | L28: 181.6 | M28: =ROUNDUP(L28*$A$1,2) -> 363.2
B30: NOVICAM PRO TP123 | C30: 1.3 Mpix CMOS 1/3" | D30: 0.05 Люкс цвет/ 0 Люкс (ИК вкл.) | E30: 720p 1280x720 25 к/с | F30: 4~92 | G30: 57,58° ~ 3.12° | H30: 100м | I30: 12 В DC 1500 мА (ИК вкл) | J30: 4 | K30: Скоростная поворотная камера, Вариофокальный объектив, пластиковый корпус, встроенная система грозозащиты и перепада напряжения, система охлаждения,UTC, WDR. BLC. IP66. Управление камерой с TVI видеорегистратора через кабель видеосигнала | L30: 447.8 | M30: =ROUNDUP(L30*$A$1,2) -> 895.6
B31: NOVICAM PRO TP215 | C31: 1/3" 2.1 Mpix Прогрессивная CMOS | D31: 0.005 люкс (цвет), 0 люкс (ИК вкл.) | E31: 1080p | F31: 4~60 | G31: 61.4°~3.9° | L31: 446 | M31: =ROUNDUP(L31*$A$1,2) -> 892
B32: NOVICAM PRO TP223 | C32: 2.1 Mpix CMOS 1/3" | D32: 0.05 Люкс цвет/ 0 Люкс (ИК вкл.) | E32: 1080p 1920х1080 25 к/с | F32: 4~92 | G32: 57,58° ~ 3.12° | L32: 511.8 | M32: =ROUNDUP(L32*$A$1,2) -> 1023.6
C34: HD-TVI камеры 3мп | M34: цена
C36: Матрица | D36: Люкс | E36: Разрешение | F36: Объектив мм | G36: Угол диаг. | H36: ИК IR-cut | I36: Питание | J36: Кратность уп, шт | K36: Особенности модели
B37: NOVICAM PRO TC32W | C37: 3 Mpix CMOS 1/3" | D37: 0.01 0 (ИК вкл.) | E37: 3 Mp 1920x1536 18 к/с 1920x1080 25/30 к/с | F37: 2.8 | G37: 102° | H37: 20м | I37: 12 В DC 420 мА (ИК вкл) | J37: 36 | K37: Вандалозащищенная, уличная, UTC меню, BLC, шумоподавление DNR, металлический корпус | L37: 53.4 | M37: =ROUNDUP(L37*$A$1,2) -> 106.8
B39: NOVICAM PRO TC33W | C39: 3 Mpix CMOS 1/3" | D39: 0.01 0 (ИК вкл.) | E39: 3 Mp 1920x1536 18 к/с 1920x1080 25/30 к/с | F39: 2.8 | G39: 102° | H39: 20м | I39: 12 В DC 420 мА (ИК вкл) | J39: 36 | K39: Уличная, UTC меню, BLC, шумоподавление DNR, металлический корпус. | L39: 53.4 | M39: =ROUNDUP(L39*$A$1,2) -> 106.8
B41: NOVICAM PRO T38W | C41: 3 Mpix CMOS 1/3" | D41: 0.01 0 (ИК вкл.) | E41: 3 Mp 1920x1536 18 к/с 1920x1080 25/30 к/с | F41: 2.8~12 | G41: 102°~28° | H41: 35м | I41: 12 В DC 500 мА (ИК вкл) | J41: 18 | K41: Вандалозащищенная, уличная, UTC меню, WDR, BLC, шумоподавление DNR, металлический корпус, вариофокальный объектив | L41: 162.18 | M41: =ROUNDUP(L41*$A$1,2) -> 324.36
B43: NOVICAM PRO T39W | C43: 3 Mpix CMOS 1/3" | D43: 0.01 0 (ИК вкл.) | E43: 3 Mp 1920x1536 18 к/с 1920x1080 25/30 к/с | F43: 2.8~12 | G43: 102°~28° | H43: 35м | I43: 12 В DC 750 мА (ИК вкл) | J43: 12 | K43: Уличная, UTC меню, WDR, BLC, шумоподавление DNR, металлический корпус, вариофокальный объектив | L43: 167.4 | M43: =ROUNDUP(L43*$A$1,2) -> 334.8
B45: МУЛЬТИФОРМАТНЫЕ КАМЕРЫ "4 В 1" (AHD/TVI/CVI/Аналог)
C46: "4 в 1" мультиформатные камеры могут работать в разных форматах: аналог, TVI, AHD, CVI с их технологическими преимуществами.
C47: Видеокамеры использует прогрессивный CMOS сенсор с HD разрешением до 1080p, что позволяет получить четкое и качественное изображение, причем картинка передается без задержек и потерь. В камерах реализована система шумоподавления 2D-DNR. В темное время суток выходной сигнал видеокамеры преобразуется в реальный Ч/Б сигнал, а также сдвигается цветовой светофильтр с матрицы CMOS и включается встроенная ИК подсветка. В сочетании с ИК коррекцией это позволяет минимизировать потери качества.
C48: Переключение режима формата работы видеокамеры осуществляется с помощью кнопки.
C49: Внутренние мультиформатные камеры "4 в 1" | M49: цена
C51: Матрица | D51: Люкс | E51: Разрешение | F51: Объектив мм | G51: Угол диаг. | H51: ИК IR-cut | I51: Питание | J51: Кратность уп, шт | K51: Особенности модели
B52: NOVICAM PRO FC11 NOVICAM PRO FC11 Black | C52: 1.3 Mpix CMOS 1/4" | D52: 0.01 0 (ИК вкл.) | E52: 720p 1280x720 25 к/с | F52: 2.8 | G52: 82º | H52: 20м | I52: 12 В DC 330 мА (ИК вкл) | J52: 36 | K52: Фиксированыный объектив, пластиковый корпус. Чёрный и белый варианты исполнения корпуса | L52: 22.4 | M52: =ROUNDUP(L52*$A$1,2) -> 44.8
B53: NOVICAM PRO FC21 | C53: 2.1 Mpix CMOS 1/2.7" | E53: 1080p 1920х1080 25 к/с | G53: 115º | K53: Фиксированный объектив, пластиковый корпус | L53: 35,4 | M53: =ROUNDUP(L53*$A$1,2) -> 70.8
B54: NOVICAM PRO FC27 | C54: 2.1 Mpix CMOS 1/2.7" | D54: 0.01 0 (ИК вкл.) | E54: 1080p 1920х1080 25 к/с | F54: 2.8~12 | G54: 115°~35° | H54: 20м | I54: 12 В DC 330 мА (ИК вкл) | J54: 18 | K54: BLC, HLC, UTC меню, вариофокальный объектив, пластиковый корпус | L54: 76.14 | M54: =ROUNDUP(L54*$A$1,2) -> 152.28
C56: Уличные мультиформатные камеры "4 в 1" - класс пыле-влагозащиты IP66 | M56: цена
C58: Матрица | D58: Люкс | E58: Разрешение | F58: Объектив мм | G58: Угол диаг. | H58: ИК IR-cut | I58: Питание | J58: Кратность уп, шт | K58: Особенности модели
B59: NOVICAM PRO FC12W | C59: 1.3 Mpix CMOS 1/4" | D59: 0.01 0 (ИК вкл.) | E59: 720p 1280x720 25 к/с | F59: 2.8 | G59: 82º | H59: 20м | I59: 12 В DC 330 мА (ИК вкл) | J59: 36 | K59: Металлический корпус | L59: 30,4 | M59: =ROUNDUP(L59*$A$1,2) -> 60.8
B60: NOVICAM PRO FC22W | C60: 2.1 Mpix CMOS 1/2.7" | E60: 1080p 1920х1080 25 к/с | G60: 115º | L60: 46.5 | M60: =ROUNDUP(L60*$A$1,2) -> 93
B62: NOVICAM PRO FC13W | C62: 1.3 Mpix CMOS 1/4" | D62: 0.01 0 (ИК вкл.) | E62: 720p 1280x720 25 к/с | F62: 2.8 | G62: 82º | H62: 20м | I62: 12 В DC 330 мА (ИК вкл) | J62: 40 | K62: Металлический корпус | M62: =ROUNDUP(30.4*$A$1,2) -> 60.8
B63: NOVICAM PRO FC23W | C63: 2.1 Mpix CMOS 1/2.7" | E63: 1080p 1920х1080 25 к/с | F63: 2.8 | G63: 115º | M63: =ROUNDUP(41.3*$A$1,2) -> 82.6
B65: NOVICAM PRO FC18W | C65: 1.3 Mpix CMOS 1/4" | D65: 0.01 0 (ИК вкл.) | E65: 720p 1280x720 25 к/с | F65: 2.8~12 | G65: 102°~28° | H65: 35м | I65: 12 В DC 330 мА (ИК вкл) | J65: 18 | K65: Вариофокальный объектив, металлический корпус | L65: 61.6 | M65: =ROUNDUP(L65*$A$1,2) -> 123.2
B66: NOVICAM PRO FC28W | C66: 2.1 Mpix CMOS 1/2.7" | E66: 1080p 1920х1080 25 к/с | G66: 115°~35° | L66: 92.06 | M66: =ROUNDUP(L66*$A$1,2) -> 184.12
B68: NOVICAM PRO FC19W | C68: 1.3 Mpix CMOS 1/4" | D68: 0.01 0 (ИК вкл.) | E68: 720p 1280x720 25 к/с | F68: 2.8~12 | G68: 102°~28° | H68: 35м | I68: 12 В DC 330 мА (ИК вкл) | J68: 12 | K68: Вариофокальный объектив, металлический корпус | L68: 61.5 | M68: =ROUNDUP(L68*$A$1,2) -> 123
B69: NOVICAM PRO FC29W | C69: 2.1 Mpix CMOS 1/2.7" | E69: 1080p 1920х1080 25 к/с | G69: 115°~35° | L69: 92.06 | M69: =ROUNDUP(L69*$A$1,2) -> 184.12
B71: NOVICAM PRO FC52W | C71: 5Mpix CMOS 1/2" | D71: 0.01 0 (ИК вкл.) | E71: 5Mp 2560×1944 20к/с 4Mp 2560×1440 20к/с | F71: 2.8 | G71: 86° | H71: 20м | I71: 12 В DC 360 мА (ИК вкл) | J71: 36 | K71: Вандалозащищённая | L71: 76 | M71: =ROUNDUP(L71*$A$1,2) -> 152
B72: NOVICAM PRO FC53W | F72: 3.6 | J72: 40 | K72: Металлический корпус | L72: 76 | M72: =ROUNDUP(L72*$A$1,2) -> 152
B73: NOVICAM PRO FC58WX | F73: 2.7~13.5 | G73: 96°~21° | H73: 50м | I73: 12 В DC 360 мА (ИК вкл) | J73: 18 | K73: Вариофокальный объектив | L73: 76 | M73: =ROUNDUP(L73*$A$1,2) -> 152
B74: NOVICAM PRO FC59WX | J74: 12 | K74: Вариофокальный объектив | L74: 76 | M74: =ROUNDUP(L74*$A$1,2) -> 152

Sheet IP Soho
A1: ='Акции и спецпредложения'!$A$1 -> 2
B2: ПРОГРАММНОЕ ОБЕСПЕЧЕНИЕ | Q2: цена c НДС, руб
G4: Лицензия ML Подходит для создания небольшой системы до 20 IP-камер. | P4: 309.6 | Q4: 1800
G5: Лицензия LS Версия-конструктор от 1 до 400 IP-камер. | Q5: 2800
G6: Лицензия ST от 1 до неограниченного количества IP-камер | Q6: 3500
G7: Ключ USB | Q7: 1400
B9: IP КАМЕРЫ ЛИНЕЙКИ SOHO
B10: IP видеокамеры NOVIcam созданы на основе новейших цифровых технологий. Данные технологии сочетают в себе высокое разрешение, неисчерпаемую масштабируемость систем, возможность подключения к камере через облако и позволяют передавать видеосигнал на неограниченное расстояние.
B11: Линейка SOHO IP видеокамер NOVIcam содержит технологичные изделия, отвечающие самым высоким требованиям потребителей. Простота настройки и доступ к камере из любой точки мира предоставляется бесплатным облачным сервисом NOVIcloud, а поддержка стандарта ONVIF обеспечит связь со всеми популярными IP видеорегистраторами и программным обеспечением.
B12: Видеокамеры используют прогрессивный CMOS сенсор с высоким разрешением, что позволяет получить четкое и качественное изображение. В камерах реализована система шумоподавления 2D-DNR. В темное время суток выходной сигнал видеокамеры преобразуется в реальный Ч/Б сигнал, а также сдвигается цветовой светофильтр с матрицы CMOS и включается встроенная ИК подсветка. В сочетании с ИК коррекцией это позволяет минимизировать потери качества.
C13: Внутренние IP камеры | Q13: цена
C15: Матрица | D15: Люкс | E15: Разрешение | F15: Объектив, мм | G15: Угол диаг. | H15: ИК IR-cut | I15: Питание | J15: Кратность уп, шт | K15: Особенности модели
B16: NOVICAM IP N27 | C16: 1/2.8” 2.1 Mpix SONY IMX222 CMOS | D16: 0.01 0 (ИК вкл) | E16: 1080p (1920х1080) 30 к/с, 720p (1280x720) 30 к/с, D1 (704x576) 30 к/с | F16: 2.8~12 | G16: 120º~34º | H16: 20м | I16: 12 В DC 350 мА (ИК вкл) | J16: 12 | K16: Вариофокальный объектив 2.8~12мм, сменный корпус для наружной или врезной установки | P16: 106.8 | Q16: =ROUNDUP(P16*$A$1,2) -> 213.6
B17: NOVICAM IP N37L | C17: 1/2.7" 3 Mpix CMOS SONY IMX323 | E17: 3Mpix (2048x1536) 15 к/с 1080p (1920х1080) 25/30 к/с 720p (1280x720) 25/30 к/с | K17: 3Мп 15 к/с.Купольная вандалозащищенная IP видеокамера. Корпус для врезного и накладного монтажа. | P17: 106.8 | Q17: =ROUNDUP(P17*$A$1,2) -> 213.6
C19: Уличные IP камеры - класс пыле-влагозащиты IP66 | Q19: цена
C21: Матрица | D21: Люкс | E21: Разрешение | F21: Объектив, мм | G21: Угол диаг. | H21: ИК IR-cut | I21: Питание | J21: Кратность уп, шт | K21: Особенности модели
B22: NOVICAM IP N11W | C22: 1/4" 1 Mpix CMOS H42 | D22: 0.01 люкс (цвет), 0 люкс (ИК вкл.) | E22: 720p (1280x720) 25/30 к/с D1 (704x576) 30 к/с | F22: 2.8 | G22: 82º | H22: 20м | I22: 12 В DC 300 мА (ИК вкл) | J22: 24 | K22: Металлический корпус | P22: 43.34 | Q22: =ROUNDUP(P22*$A$1,2) -> 86.68
B23: NOVICAM IP N12W + аудиовход | C23: 1/2.7" 2.1 Mpix CMOS | E23: 1080p (1920х1080) 15 к/с, 720p (1280x720) 30 к/с | F23: 3.6 | G23: 90º | I23: 12 В DC 320 мА (ИК вкл) | K23: Вандалозащищённая, металлический корпус. N12W и N22LW имеют аудиовход для подключения микрофона. | P23: 65 | Q23: =ROUNDUP(P23*$A$1,2) -> 130
B24: NOVICAM IP N22LW + аудиовход | C24: 1/2.7" 2.1 Mpix SmartSens CMOS SC2135 | P24: 65 | Q24: =ROUNDUP(P24*$A$1,2) -> 130
B25: NOVICAM IP N22W | C25: 1/2.7" 2.1 Mpix Aptina CMOS AR0237 | E25: 1080p (1920х1080) 30 к/с, 720p (1280x720) 30 к/с | P25: 80 | Q25: =ROUNDUP(P25*$A$1,2) -> 160
B26: NOVICAM IP N32LW | C26: 1/2.7" 3 Mpix SONY IMX323 | E26: 3Mpix (2048x1536) 15 к/с 1080p (1920х1080) 25/30 к/с 720p (1280x720) 25/30 к/с | K26: Всепогодная, металлический корпус | P26: 80 | Q26: =ROUNDUP(P26*$A$1,2) -> 160
B27: NOVICAM IP N52VP | C27: 1/2.5" 5 Mpix Progressive Scan CMOS | E27: 5 Mpix (2592x1944) 25/30 к/с 4 Mpix (2560x1440) 25/30 к/с 1080p (1920x1080) 50/60 к/с 720p (1280x720) 25/30 к/с | F27: 3.6 | G27: 98° | I27: DC 12В±10% 0.5А (ИК вкл.), 6Вт (2 класс PoE) PoE IEEE 802.3af | K27: Купольная IP камера 5 Mpix 30 к/с. Широкий динамический диапазон (WDR). 3D вращение камеры в корпусе. Поддержка трёх потоков. Режим отображения 1080p 50/60 к/с. Поддержка ONVIF. Поддержка технологии PoE | P27: 168.8 | Q27: =ROUNDUP(P27*$A$1,2) -> 337.6
B28: NOVICAM N82VP | C28: 1/2.5” 8 Mpix матрица Progressive Scan CMOS | E28: 8 Mpix (3840x2160) 25/30 к/с 4 Mpix (2560x1440) 25/30 к/с 1080p (1920x1080) 50/60 к/с 720p (1280x720) 25/30 к/с | F28: 3.6 | G28: 101° | I28: DC 12В±10% 0.5А (ИК вкл.), 6Вт (2 класс PoE) PoE IEEE 802.3af | K28: Купольная IP камера 8 Mpix 30 к/с. 3D вращение камеры в корпусе. Поддержка трёх потоков. Режим отображения 1080p 50/60 к/с. Поддержка ONVIF. Поддержка технологии PoE | P28: 326.8 | Q28: =ROUNDUP(P28*$A$1,2) -> 653.6
B30: NOVICAM IP N13W | C30: 1/4" 1 Mpix CMOS Omnivision OV9712 | D30: 0.01 люкс (цвет), 0 люкс (ИК вкл.) | E30: 720p (1280x720) 25/30 к/с, D1 (704x576) 30 к/с | F30: 2.8 | G30: 82º | H30: 20м | I30: 12 В DC 500 мА (ИК вкл) | J30: 40 | K30: Всепогодная, металлический корпус | P30: 54.84 | Q30: =ROUNDUP(P30*$A$1,2) -> 109.68
B31: NOVICAM IP N23LW | C31: 1/2.7" 2.1 Mpix SmartSens CMOS SC2235 | E31: 1080p (1920х1080) 15 к/с, 720p (1280x720) 30 к/с | F31: 3.6 | G31: 90º | I31: 12 В DC 310 мА (ИК вкл) | P31: 63 | Q31: =ROUNDUP(P31*$A$1,2) -> 126
B32: NOVICAM IP N23W | C32: 1/2.7" 2.1 Mpix Aptina CMOS AR0237 | E32: 1080p (1920х1080) 30 к/с, 960p (1280x960) 25/30 к/с 720p (1280x720) 30 к/с | P32: 80 | Q32: =ROUNDUP(P32*$A$1,2) -> 160
B33: NOVICAM IP N33LW | C33: 1/2.7" 3 Mpix CMOS SONY IMX323 | E33: 3Mpix (2048x1536) 15 к/с 1080p (1920х1080) 25/30 к/с 720p (1280x720) 25/30 к/с | G33: 84º | P33: 80 | Q33: =ROUNDUP(P33*$A$1,2) -> 160
B34: NOVICAM IP N43W | C34: 1/3" 4 Mpix Omnivision CMOS OV4689 | E34: 4 Mp 2592x1944 25 к/с, 2048x1536 22 к/с 1080p (1920х1080) 30 к/с, 720p (1280x720) 30 к/с | G34: 86º | I34: 12 В DC 250 мА (ИК вкл) | P34: 116.5 | Q34: =ROUNDUP(P34*$A$1,2) -> 233
B35: NOVICAM N53WP | C35: 1/2.5” 5 Mpix матрица Progressive Scan CMOS | D35: 0.01 люкс (цвет), 0 люкс (ИК вкл.) | E35: 5 Mpix (2592x1944) 25/30 к/с 4 Mpix (2560x1440) 25/30 к/с 1080p (1920x1080) 50/60 к/с 720p (1280x720) 25/30 к/с | F35: 3.6 | G35: 98º | H35: 30 м | I35: DC 12В±10% 0.67А (ИК вкл.), 8Вт (3 класс PoE) PoE IEEE 802.3af | K35: Цилиндрическая IP камера 5 Mpix 30 к/с. Механический ИК фильтр. WDR. Поддержка трёх потоков. Режим отображения 1080p 50/60 к/с. Поддержка ONVIF Поддержка технологии PoE | P35: 168.8 | Q35: =ROUNDUP(P35*$A$1,2) -> 337.6
B36: NOVICAM N83WP | C36: 1/2.5” 8 Mpix матрица Progressive Scan CMOS | E36: 8 Mpix (3840x2160) 25/30 к/с 4 Mpix (2560x1440) 25/30 к/с 1080p (1920x1080) 50/60 к/с 720p (1280x720) 25/30 к/с | G36: 101º | K36: Цилиндрическая IP камера 8 Mpix 30 к/с. Поддержка трёх потоков. Режим отображения 1080p 50/60 к/с. Поддержка ONVIF. Поддержка технологии PoE | P36: 326.8 | Q36: =ROUNDUP(P36*$A$1,2) -> 653.6
B38: NOVICAM IP N28LW | C38: 1/2.7" 2.1 Mpix SmartSens CMOS SC2235 | D38: 0.01 люкс (цвет), 0 люкс (ИК вкл.) | E38: 1080p (1920х1080) 15 к/с, 720p (1280x720) 30 к/с | F38: 2.8~12 | G38: 120º~34º | H38: 40м | I38: 12 В DC 350 мА (ИК вкл) | J38: 12 | K38: Вандалозащищённая, металлический корпус. | P38: 78.8 | Q38: =ROUNDUP(P38*$A$1,2) -> 157.6
B39: NOVICAM IP N28W | C39: 1/2.7" 2.1 Mpix Sony CMOS IMX323 | E39: 1080p (1920х1080) 30 к/с, 960p (1280x960) 25/30 к/с 720p (1280x720) 30 к/с | P39: 123.34 | Q39: =ROUNDUP(P39*$A$1,2) -> 246.68
B40: NOVICAM IP N38LW | C40: 1/2.7" 3 Mpix SONY IMX323 | E40: 3Mpix (2048x1536) 15 к/с 1080p (1920х1080) 25/30 к/с 720p (1280x720) 25/30 к/с | P40: 123.34 | Q40: =ROUNDUP(P40*$A$1,2) -> 246.68
B41: NOVICAM N58VP | C41: 1/2.5” 5 Mpix матрица Progressive Scan CMOS | E41: 5 Mpix (2688x1944) 25/30 к/с, 4 Mpix (2560x1440) 25/30 к/с, 1080p (1920x1080) 25/30/50/60 к/с, 720p (1280х720) 25/30 к/с | G41: 117-27° | H41: 35м | I41: DC 12В±10% 0.67А (ИК вкл.), 8Вт (3 класс PoE) PoE IEEE 802.3af | K41: Купольная IP камера 5 Mpix 30 к/с. механический ИК фильтр. Широкий динамический диапазон (WDR). 3D вращение камеры в корпусе. Поддержка трёх потоков. Режим отображения 1080p 50/60 к/с Поддержка ONVIF. Поддержка технологии PoE | P41: 292 | Q41: =ROUNDUP(P41*$A$1,2) -> 584
B42: NOVICAM N88VP | C42: 1/2.5” 8 Mpix матрица Progressive Scan CMOS | E42: 8 Mpix (3840x2160) 25/30 к/с 4 Mpix (2560x1440) 25/30 к/с 1080p (1920x1080) 50/60 к/с 720p (1280x720) 25/30 к/с | G42: 120°-28° | I42: DC 12В±10% 0.75А (ИК вкл.), 9Вт (3 класс PoE) PoE IEEE 802.3af | K42: Купольная IP камера 8 Mpix 30 к/с. 3D вращение камеры в корпусе. Поддержка трёх потоков. Режим отображения 1080p 50/60 к/с. Поддержка ONVIF. Поддержка технологии PoE | P42: 502.5 | Q42: =ROUNDUP(P42*$A$1,2) -> 1005
B44: NOVICAM IP N29W | C44: 1/2.7" 2.1 Mpix CMOS | D44: 0.01 0 (ИК вкл) | E44: 1080p (1920х1080) 30 к/с, 960p (1280x960) 25/30 к/с 720p (1280x720) 30 к/с | F44: 2.8~12 | G44: 120º~34º | H44: 35м IR-cut | I44: 12 В DC 500 мА (ИК вкл) | K44: Трансфокаторный объектив, регулировка фокуса может производиться удаленно. Аудиовход. | P44: 158.34 | Q44: =ROUNDUP(P44*$A$1,2) -> 316.68
B46: NOVICAM IP N19WX | C46: 1/4" 1 Mpix CMOS Omnivision OV9712 | D46: 0.01 0 (ИК вкл) | E46: 720p (1280x720) 30 к/с, D1 (704x576) 30 к/с | F46: 2.8~12 | G46: 82º~21º | H46: 50м EXIR | I46: 12 В DC 500 мА (ИК вкл) | J46: 8 | K46: Всепогодная, металлический корпус, EXIR подсветка | P46: 88.4 | Q46: =ROUNDUP(P46*$A$1,2) -> 176.8
B47: NOVICAM IP N29LWX | C47: 1/2.7" 2.1 Mpix SOI CMOS F22 | E47: 1080p (1920х1080) 15 к/с, 720p (1280x720) 30 к/с | G47: 120º~34º | I47: 12 В DC 830 мА (ИК вкл) | P47: 88.4 | Q47: =ROUNDUP(P47*$A$1,2) -> 176.8
B48: NOVICAM IP N29WX | C48: 1/2.7" 2.1 Mpix CMOS | E48: 1080p (1920х1080) 30 к/с, 960p (1280x960) 25/30 к/с 720p (1280x720) 30 к/с | P48: 130 | Q48: =ROUNDUP(P48*$A$1,2) -> 260
B49: NOVICAM IP N39LWX | C49: 1/2.7" 3 Mpix SONY IMX323 | E49: 3Mpix (2048x1536) 15 к/с 1080p (1920х1080) 25/30 к/с 720p (1280x720) 25/30 к/с | P49: 130 | Q49: =ROUNDUP(P49*$A$1,2) -> 260
B50: NOVICAM IP N59WX | C50: 1/1.8" 5 Mpix SONY IMX 178 CMOS | E50: 5 Mp 2592x1944 25 к/с, 2048x1536 25 к/с | F50: 3.6~11 | G50: 112º~40º | P50: 398.1 | Q50: =ROUNDUP(P50*$A$1,2) -> 796.2
B51: NOVICAM N59WXP | C51: 1/2.5" 5 Mpix Progressive Scan CMOS | E51: 5 Mpix (2688x1944) 25/30 к/с, 4 Mpix (2560x1440) 25/30 к/с, 1080p (1920x1080) 25/30/50/60 к/с, 720p (1280х720) 25/30 к/с | F51: 2.8~12 | G51: 117-27° | H51: 50 м | I51: DC 12В±10% 0.75А (ИК вкл.), 9Вт (3 класс PoE) PoE IEEE 802.3af | K51: Цилиндрическая IP камера 5 Mpix 30 к/с. Широкий динамический диапазон (WDR). Поддержка трёх потоков Режим отображения 1080p 50/60 к/с. Поддержка ONVIF. Поддержка технологии PoE | P51: 292.7 | Q51: =ROUNDUP(P51*$A$1,2) -> 585.4
B52: NOVICAM N89WXP | C52: 1/2.5” 8 Mpix матрица Progressive Scan CMOS | E52: 8.3 Mpix (3840x2160) 25/30 к/с, 1080p (1920x1080) 25/3050/60 к/с, 720p (1280х720) 25/30 к/с | G52: 120°~28° | I52: DC 12В±10% 0.83А (ИК вкл.), 10Вт (3 класс PoE) PoE IEEE 802.3af | K52: Цилиндрическая IP камера 8 Mpix 30 к/с. Механический ИК фильтр. Поддержка трёх потоков. Режим отображения 1080p 50/60 к/с. Поддержка ONVIF. Поддержка технологии PoE | P52: 502.5 | Q52: =ROUNDUP(P52*$A$1,2) -> 1005
B54: NOVICAM IP N49W | C54: 1/3" 4 Mpix CMOS Omnivision OV4689 | D54: 0.01 0 (ИК вкл) | E54: 4 Mp 2592x1944 25 к/с, 2048x1536 22 к/с 1080p (1920х1080) 30 к/с, 720p (1280x720) 30 к/с | F54: 3.6~10 | G54: 86°~34° | H54: 35м IR-cut | I54: 12 В DC 500 мА (ИК вкл) | K54: Металлический корпус, аудиовход, вариофокальный объектив, Н.265 | P54: 170 | Q54: =ROUNDUP(P54*$A$1,2) -> 340

Sheet IP Pro
A1: ='Акции и спецпредложения'!$A$1 -> 2
B2: ПРОЕКТНЫЕ IP КАМЕРЫ ЛИНЕЙКИ NOVICAM PRO
B3: IP видеокамеры NOVIcam PRO созданы на основе новейших цифровых технологий. Данные технологии сочетают в себе высокое разрешение, неисчерпаемую масштабируемость систем, возможность подключения к камере через облако и позволяют передавать видеосигнал на неограниченное расстояние.
B4: Линейка проектных видеокамер NOVIcam PRO содержит высокотехнологичные изделия, отвечающие самым высоким требованиям заказчиков. Поддержка технологии технологии РоЕ позволяет использовать один кабель для передачи питания и данных. Простота настройки и доступ к камере из любой точки мира предоставляется бесплатным облачным сервисом P2P, а поддержка стандарта ONVIF обеспечит связь со всеми популярными IP видеорегистраторами и программным обеспечением.
A5: Браузер IE CMS: iVMS 4.1 Моб.: iVMS 4.5 | B5: Видеокамеры используют прогрессивный CMOS сенсор высокого разрешения, что позволяет получить четкое и качественное изображение. В камерах реализована система шумоподавления 3D-DNR. В темное время суток выходной сигнал видеокамеры преобразуется в реальный Ч/Б сигнал, а также сдвигается цветовой светофильтр с матрицы CMOS и включается встроенная ИК подсветка. В сочетании с ИК коррекцией это позволяет минимизировать потери качества.
C6: Внутренние IP камеры PRO | Q6: цена c НДС, руб
C8: Матрица | D8: Люкс | E8: Разрешение | F8: Объектив мм | G8: Угол диаг. | H8: ИК IR-cut | I8: Питание | J8: Кратность уп, шт | K8: Особенности модели
B9: NOVICAM PRO IP NC24P | C9: 1/2.8" 2.1 Mpix SONY Progressive Scan CMOS | D9: 0.01 0.001 Люкс (ч/б) | E9: 1080p 1920х1080 25/30 к/с 960p (1280x960) 25/30 к/с 720p (1280x720) 30 к/с | F9: - | G9: - | H9: 10м | I9: 12 В DC 750 мА (ИК вкл) | J9: 12 | K9: Классический корпус, аудио вход и выход, 1 тревожный вх/вых, механический ИК-фильтр, Micro SD до 128 Гб, PoE IEEE 802.3af | P9: 246.6 | Q9: =ROUNDUP(P9*$A$1,2) -> 493.2
B10: КРОНШТЕЙН CH102 | C10: Кронштейн для крепления на стену корпусной камеры | P10: 14.3 | Q10: =ROUNDUP(P10*$A$1,2) -> 28.6
B11: ОБЪЕКТИВЫ | C11: TAMRON 13VG550ASII | E11: CS | F11: 5~50 | G11: 1/3" (53,6º~5,6º) 1/4" (40,3º~4,2º) | K11: Вариофокальный объектив с асферическими линзами. Автодиафрагма DC. Крепление CS | Q11: =ROUNDUP(97.1*$A$1,2) -> 194.2
C12: TAMRON M13VG550 | E12: 1.3 Mp | F12: 5~50 | Q12: =ROUNDUP(132.4*$A$1,2) -> 264.8
C13: TAMRON M13VG550IR | E13: 2 Mp | F13: 5~50 | G13: 1/3" (100,1º~35,8º) 1/2.8", 1/2.7", 1/2.5" | Q13: =ROUNDUP(151.8*$A$1,2) -> 303.6
C14: TAMRON M13VG288IR | E14: 3 Mp | F14: 2.8~8 | Q14: =ROUNDUP(137.7*$A$1,2) -> 275.4
B16: NOVICAM PRO IP NC14F | C16: 1/4" 1.3 Mpix Aptina Progressive Scan CMOS | D16: 0.01 0 (ИК вкл) | E16: 720p 1280x720 25/30 к/с | F16: 2.8 | G16: 111º | H16: 10м | I16: 5 В DC 90 мА (ИК вкл) | K16: Компактный корпус, питание от Micro USB, встроенный микрофон, динамик, Wi-Fi, Micro SD до 128-х Гб. | P16: 73.4 | Q16: =ROUNDUP(P16*$A$1,2) -> 146.8
C18: Комплектация | E18: Разрешение | F18: Оптика | I18: Питание | K18: Особенности модели
B19: NOVIcam PRO NC16P-1L | C19: 1. Блок обработки видеосигнала - 1 шт. 2. Крепление - 1 шт. 3. Настенная пластина для крепления - 1шт. 4. Крепёжный комплект - 1 шт. 5. Руководство пользователя - 1 шт. | E19: 960р 25/30 к/с | F19: Без объектива. 1 выносной объектив | I19: DC 12В±10% 0.55А, 6.5Вт (3 класс PoE) | K19: Компактная внутренняя IP видеокамера 960p (видеомодули приобретаются отдельно). WDR 120 Дб. Слот дляMicro SD (до 64 Гб) | P19: 300 | Q19: =ROUNDUP(P19*$A$1,2) -> 600
B20: NOVIcam PRO NC16P-2L | F20: Без объектива. 2 выносных объектива | P20: 311.4 | Q20: =ROUNDUP(P20*$A$1,2) -> 622.8
B22: NOVICAM PRO IP NC24FP | C22: 1/2.8" 2 Mpix Progressive Scan CMOS | D22: 0.01 0 (ИК вкл) | E22: 1080p (1920х1080) 25/30 к/с, 720p (1280x720) 25/30 к/с | F22: 2.8 | G22: 120º | H22: 10м | I22: 12 В DC 400 мА (ИК вкл) | J22: 30 | K22: Компактный корпус, встроенный микрофон, динамик, 1 тревожный вх/вых, Wi-Fi, Micro SD до128-х Гб, питание PoE IEEE 802.3af | P22: 119.3 | Q22: =ROUNDUP(P22*$A$1,2) -> 238.6
B23: NOVICAM PRO IP NC34FP | C23: 1/3" 3.0 Mpix Progressive Scan CMOS | D23: 0.01 люкс (цвет), 0 люкс (ИК вкл.) | E23: 3.0 Mpix (2304x1296) 20 к/с, 1080p (1920x1080) 25/30 к/с, 720p (1280х720) 25/30 к/с | F23: 2.8 | G23: 120º | P23: 148 | Q23: =ROUNDUP(P23*$A$1,2) -> 296
B24: NOVICAM PRO IP NC44FP | C24: 1/2.8" 4.1 Mpix Progressive Scan CMOS | D24: 0.01 0 (ИК вкл) | E24: 4 Mp 2688x1520 15 к/с, 1080p (1920х1080) 25/30 к/с, 720p (1280x720) 25/30 к/с | F24: 2.0 | G24: 140º | K24: PoE, WiFi, встроенный микрофон, встроенный динамик. WDR. Слот Micro SD (до 128 ГБ) | P24: 181.8 | Q24: =ROUNDUP(P24*$A$1,2) -> 363.6
B26: NOVICAM IP NP200F | C26: 1/2.8” 2.1 Mpix CMOS | D26: 0.01 0 (ИК вкл) | E26: 1080p 1920х1080 25/30 к/с | F26: 2.8 | G26: 106º | H26: 10м | I26: 5 В DC 1,4 А (ИК и поворотный мех. вкл) | J26: 12 | K26: Поворотный механизм, Wi-Fi, поддержка Micro SD до 128 Гб | P26: 119.2 | Q26: =ROUNDUP(P26*$A$1,2) -> 238.4
B28: NOVICAM PRO IP NC45P | C28: 1/2.8" 4 Mpix Progressive Scan CMOS | D28: 0.01 | E28: 4 Mp 2688x1520 15 к/с, 1080p (1920х1080) 25/30 к/с, 720p (1280x720) 25/30 к/с | F28: 1.6 | G28: 186º | H28: - | I28: 12 В DC 400 мА (ИК вкл) | J28: 30 | K28: Камера "рыбий глаз" , Micro SD до 128-х Гб, питание PoE IEEE 802.3af | P28: 309 | Q28: =ROUNDUP(P28*$A$1,2) -> 618
B29: NOVICAM PRO IP NC55P | C29: 1/2.5" 5 Mpix Progressive Scan CMOS | E29: 5 Mpix (2560x1920) 25/30 к/с 3 Mpix (2048x1536) 25/30 к/с 960p (1280х960) 25/30 к/с | F29: 1.05 | G29: 254.5 | H29: 8м | I29: DC 12В±10% 0.54А (ИК вкл.), 6.7Вт (3 класс PoE) | J29: 30 | K29: Внутренняя Fisheye IP видеокамера 5 Mpix с мегапиксельным объективом. Поддержка карт памяти MicroSD до 128 Гб. Интеллектуальные функции (обнаружение вторжения/пересечение линии) | P29: 384.4 | Q29: =ROUNDUP(P29*$A$1,2) -> 768.8
C31: Уличные IP камеры PRO - класс пыле-влагозащиты IP66 | Q31: цена
C33: Матрица | D33: Люкс | E33: Разрешение | F33: Объектив мм | G33: Угол диаг. | H33: ИК IR-cut | I33: Питание | J33: Кратность уп, шт | K33: Особенности модели
B34: NOVICAM PRO IP NC13WP | C34: 1/3" 1.3 Mpix Progressive Scan CMOS | D34: 0.01 0 (ИК вкл) | E34: 960p (1280x960) 25/30 к/с | F34: 4 | G34: 80º | H34: 30м | I34: 12 В DC 420 мА (ИК вкл) | J34: 30 | K34: Механический ИК-фильтр, питание PoE IEEE 802.3af. IP66. Слот для micro-SD (до 128 Гб). | P34: 80.9 | Q34: =ROUNDUP(P34*$A$1,2) -> 161.8
B35: NOVICAM PRO IP NC23WFP | C35: 1/2.8" 2.1 Mpix Progressive Scan CMOS | E35: 1080p (1920x1080p) 25/30к/с 960p (1280x960p) 25/30к/с 720p (1280х720) 25/30 к/с | F35: 4 | G35: 85º | H35: 20м | I35: DC 12В±10% 0.5А (ИК вкл.), 6Вт (2 класс PoE) PoE IEEE 802.3a | K35: Встроенный Wi-Fi модуль, поддержка microSD до 128Гб. Интеллектуальные функции ROI и VCA (обнаружение вторжения/пересечение линии). Класс защиты IP66. Поддержка ONVIF | P35: 131 | Q35: =ROUNDUP(P35*$A$1,2) -> 262
B36: NOVICAM PRO IP NC33WP | C36: 1/3" 3 Mpix SONY Progressive Scan CMOS | E36: 3.0 Mp (2304x1296) 20 к/с 1080p (1920х1080) 25/30 к/с 720p (1280x720) 25/30 к/с | F36: 2.8 или 4 мм | G36: 102º | I36: 12 В DC 420 мА (ИК вкл) | K36: PoE IEEE 802.3af | P36: 112.4 | Q36: =ROUNDUP(P36*$A$1,2) -> 224.8
B37: NOVICAM PRO IP NC43WP | C37: 1/3" 4.1 Mpix Progressive Scan CMOS | E37: 4 Mp 2688x1520 20 к/с, 1080p (1920х1080) 25/30 к/с, 960p (1280x960) 25/30 к/с 720p (1280x720) 25/30 к/с | F37: 2.8 | G37: 102º | K37: PoE IEEE 802.3af, D-WDR | P37: 158 | Q37: =ROUNDUP(P37*$A$1,2) -> 316
B39: NOVICAM PRO IP NC22VP | C39: 1/2.8" 2.1 Mpix SONY Progressive Scan CMOS | D39: 0.01 0 (ИК вкл) | E39: 1080p (1920х1080) 25/30 к/с 960p (1280x960) 25/30 к/с 720p (1280x720) 25/30 к/с | F39: 2.8 | G39: 120º | H39: 30м | I39: 12 В DC 420 мА (ИК вкл) | J39: 24 | K39: Антивандальная, MicroSD до 128 Гб, PoE IEEE 802.3af, аудио вход/выход, тревожный вход/выход | P39: 130 | Q39: =ROUNDUP(P39*$A$1,2) -> 260
B40: NOVICAM PRO IP NC32VP | C40: 1/3" 3.0Mpix CMOS | E40: 3 Mpix (2304x1296) 20 к/с, 1080p (1920x1080) 25/30 к/с, 720p (1280х720) 25/30 к/с | G40: 102º | K40: Антивандальная, PoE IEEE 802.3af | P40: 130 | Q40: =ROUNDUP(P40*$A$1,2) -> 260
B41: NOVICAM PRO IP NC42VP | C41: 1/3" 4.1 Mpix Progressive Scan CMOS | E41: 4 Mp 2688x1520 20 к/с, 960p (1280x960) 25/30 к/с 720p (1280x720) 25/30 к/с | K41: Антивандальная, PoE IEEE 802.3af | P41: 187 | Q41: =ROUNDUP(P41*$A$1,2) -> 374
B43: NOVICAM PRO IP NC28VP | C43: 1/3" 2.1 Mpix SONY Progressive Scan CMOS | D43: 0.01 0 (ИК вкл) | E43: 1080p (1920х1080) 25/30 к/с 960p (1280x960) 25/30 к/с 720p (1280x720) 25/30 к/с | F43: 2.8~12 | G43: 102º~28º | H43: 35м | I43: 12 В DC 630 мА (ИК вкл) | J43: 40 | K43: Антивандальная. MicroSD до 128 Гб, аудио вход/выход, тревожный вход/выход, вариофокальный объектив, PoE IEEE 802.3af, WDR (у NC48VP) | P43: 213.6 | Q43: =ROUNDUP(P43*$A$1,2) -> 427.2
B44: NOVICAM PRO IP NC48VP | C44: 1/3" 4.1 Mpix SONY Progressive Scan CMOS | E44: 4 Mp 2688x1520 20 к/с, 960p (1280x960) 25/30 к/с 720p (1280x720) 25/30 к/с | I44: 12 В DC 460 мА (ИК вкл) | J44: 30 | P44: 342.38 | Q44: =ROUNDUP(P44*$A$1,2) -> 684.76
B46: NOVICAM PRO IP NC38VP | C46: 1/3" 3.0 Mpix Progressive Scan CMOS | D46: 0.01 0 (ИК вкл) | E46: 3 Mpix (2304x1296) 20 к/с, 1080p (1920x1080) 25/30 к/с, 720p (1280х720) 25/30 к/с | F46: 2.8~12 | G46: 102º~28º | H46: 35м | I46: 12 В DC 460 мА (ИК вкл) | J46: 40 | K46: Антивандальная. MicroSD до 128 Гб, аудио вход/выход, вариофокальный объектив, PoE IEEE 802.3af, WDR 120 дб | P46: 240 | Q46: =ROUNDUP(P46*$A$1,2) -> 480
B48: NOVICAM PRO IP NC29WP | C48: 1/2.9" 2.1 Mpix SONY Progressive Scan CMOS | D48: 0.01 0 (ИК вкл) | E48: 1080p (1920х1080) 25/30 к/с 960p (1280x960) 25/30 к/с 720p (1280x720) 25/30 к/с | F48: 2.8~12 | G48: 113º~34º | H48: 35м | I48: 12 В DC 630 мА (ИК вкл) | J48: 9 | K48: аудиовход, тревожный вх/вых, MicroSD до 128 Гб, вариофокальный объектив, PoE IEEE 802.3af | P48: 244 | Q48: =ROUNDUP(P48*$A$1,2) -> 488
B49: NOVICAM PRO IP NC39WP | C49: 1/3" 3.0 Mpix Progressive Scan CMOS | E49: 3 Mpix (2304x1296) 20 к/с, 1080p (1920x1080) 25/30 к/с, 720p (1280х720) 25/30 к/с | G49: 102º~28º | K49: Поддержка карт памяти MicroSD до 128 Гб, WDR 120 дБ. Поддержка технологии PoE. Поддержка ONVIF | P49: 244 | Q49: =ROUNDUP(P49*$A$1,2) -> 488
B50: NOVICAM PRO IP NC49WP | C50: 1/3," 4.1 Mpix SONY Progressive Scan CMOS | E50: 4 Mp 2688x1520 20 к/с, 1080p (1920х1080) 25/30 к/с | G50: 102º~28º | K50: MicroSD до 128 Гб, WDR 120 дБ, моторизированный объектив, PoE IEEE 802.3af | P50: 311.3 | Q50: =ROUNDUP(P50*$A$1,2) -> 622.6
C52: Купольные поворотные камеры PRO | Q52: цена
C53: Матрица | D53: Люкс | E53: Разрешение | F53: Объектив мм | G53: Угол диаг. | H53: ИК IR-cut | I53: Питание | J53: Кратность уп, шт | K53: Особенности модели
B54: NOVICAM PRO NP304P | C54: 1/2.8" Прогрессивная CMOS | D54: 0.05 люкс (цвет), 0.01 люкс (ЧБ) | E54: 3Mpix | F54: 2.8~12.Зум Оптический / Цифровой4х/16х | G54: 58.3°~3.2° | H54: 100м | I54: DC 12В±10% 0.67А 8Вт | K54: Интеллектуальные функции ROI и VCA (обнаружение вторжения/пересечение линии) Оптический зум 4х Встроенная грозозащита 4кВ и защита от переходного напряжения Поддержка карт памяти MicroSD до 128-и Гб Поддержка стандарта ONVIF Класс защиты IP67 Вандалозащита IK10 Поддержка облачного сервиса Р2Р | P54: 378 | Q54: =ROUNDUP(P54*$A$1,2) -> 756
B55: NOVICAM PRO NP220 | D55: 0.05 0 (ИК вкл) | E55: 1080p | F55: 4.7~94 Зум Оптический / Цифровой20х/16х | G55: 58.3°~ 3.2° | H55: 100м | I55: 12В±10% В DC 1,7 А 20Вт | J55: 4 | K55: Скоростная поворотная, трансфока- торный объектив, встроенная грозозащита и защита от скачков напряжения, маскировка ообласти, BLC, WDR, MicroSD до 128Гб. Поддержка ONVIF. Высокая частота кадров в режимах 960p и 720p до 60 кадров в секунду | P55: 614.8 | Q55: =ROUNDUP(P55*$A$1,2) -> 1229.6
B56: NOVICAM PRO NP225P | D56: 0.005 люкс (цвет) | E56: 1080p | F56: 4.8~120мм оптический зум 25х | G56: 57.6°~2.5° | H56: 100м | I56: DC 12В±10% 1.5А (ИК вкл.), 18Вт (4 класс PoE) PoE IEEE 802.3af | J56: 4 | K56: H.265+ и H.264+, WDR 120дБ, аудио вх/вых. Расширены возможности аналитики, поддержка PoE+ 4 класса 802.3at. Поддержка microSD до 256Гб | P56: 738 | Q56: =ROUNDUP(P56*$A$1,2) -> 1476

Sheet Видеорегистраторы
A1: ='Акции и спецпредложения'!$A$1 -> 2
B2: Регистраторы SOHO
B3: Мультиплексные видеорегистраторы серии SOHO, созданные на основе процессора HiSilicon, поддерживаюют аналоговые, AHD и IP камеры, позволяют построить полноценную систему видеонаблюдения с минимальными затратами и оборудовать место наблюдения, используя минимум пространства.
B4: Обладают всем необходимым функционалом для организации системы видеонаблюдения: записывают видео в формате H.264, что позволяет экономить до 30% места на жестком диске; поддерживают все самые распространённые ОС ( Windows 10 / 8 / 7 / Vista / XP). Возможен просмотр с мобильных устройств: iPad, iPhone, Android. Лёгкость настройки и доступ к видеорегистратору из любой точки мира предоставляется бесплатным облачным сервисом NOVIcloud. Возможность работы в различных режимах позволит модернизировать систему видеонаблюдения до высокого разрешения.
C5: Аналог+AHD + IP | P5: цена
C7: разрешение | D7: к/с | E7: HDD | F7: Вход | H7: Выход | J7: Количество каналов IP | M7: Кратность уп. | N7: Особенности модели
F8: видео | G8: аудио | H8: видео | I8: аудио | J8: 1,3 Мп | K8: 2 Мп | L8: 5 Мп
B9: NOVICAM AR1104F | C9: FullHD1920x1080 HD 1280x720 960H 960x57 1080n (960х1080) | D9: 120 120 120 48 | E9: SATA x 1 до 10 Тб | H9: 1xVGA 1xHDMI | I9: 1xRCA | J9: 12 | K9: 8 | M9: 10 | N9: 5в1 (AHD, TVI, CVI, IP, аналог), USB Flash, USB мышь. | O9: 57.2 | P9: =ROUNDUP(O9*$A$1,2) -> 114.4
B10: NOVICAM AR1204H | C10: FullHD 1920x1080 HD 1280x720 960H 960x576 5 Мп (IP) | D10: 120 | E10: 1 x SATA 3.5" до 10Тб | F10: 4xBNC | J10: 16 | K10: 8 | L10: 4 | N10: Запись 720р/1080p Real Time в AHD режиме Запись до 5Mpix Real Time в IP режиме Поддержка HDD до 10 Тб Поддержка аналоговых и AHD видеокамер | O10: 64.8 | P10: =ROUNDUP(O10*$A$1,2) -> 129.6
B11: NOVICAM AR1108 | C11: 5Мп (IP) FullHD1920x1080 HD 1280x720 960H 960x576 | D11: 240 | E11: SATA x 1 до 8 Тб | F11: 8xBNC | J11: 16 | K11: 16 | L11: 4 | N11: USB Flash, USB мышь и ИК пульт в комплекте. | O11: 92.4 | P11: =ROUNDUP(O11*$A$1,2) -> 184.8
B12: NOVICAM AR1108F | D12: 240 | E12: SATA x 1 до 10 Тб | J12: 16 | K12: 16 | L12: 4 | N12: 5в1 (AHD, TVI, CVI, аналог, IP), 8x1080n(12 к/с), 8x720p(14 к/с) | O12: 92.4 | P12: =ROUNDUP(O12*$A$1,2) -> 184.8
B13: NOVICAM AR1108H | D13: 240 | J13: 16 | K13: 8 | L13: 4 | N13: Запись IP видеокамер в разрешении до 5Мп Real Time. USB Flash. Блок питания и USB мышь в комплекте. | O13: 116.5 | P13: =ROUNDUP(O13*$A$1,2) -> 233
B14: NOVICAM AR1108HF | D14: 240 | J14: 16 | K14: 8 | L14: 4 | N14: 5в1 (AHD, TVI, CVI, аналог, IP), 8x1080p(12 к/с), 8x1080n (30 к/с) | O14: 116.5 | P14: =ROUNDUP(O14*$A$1,2) -> 233
B15: NOVICAM AR1116H | D15: 480 | E15: SATA x 1 до 10 Тб | F15: 16xBNC | G15: 2xRCA | J15: 16 | K15: 8 | L15: 4 | M15: 5 | N15: 3G, USB Flash. Блок питания и USB мышь в комплекте. | O15: 248.2 | P15: =ROUNDUP(O15*$A$1,2) -> 496.4
B16: NOVICAM AR1016F | C16: 1080n (960х1080) 5Мп (IP) | D16: 240 | J16: 16 | K16: 8 | L16: 4 | N16: 5в1 (AHD, TVI, CVI, IP, аналог). USB мышь и ИК пульт в комплекте. | O16: 171.2 | P16: =ROUNDUP(O16*$A$1,2) -> 342.4
C18: IP | P18: цена
B20: NOVICAM NR1208 | C20: 5Мп 1080p (1920х1080) 960p (1280x960) D1 (704x576) CIF (352x288) | D20: 100 200 400 400 400 | E20: SATA x 1 до10 Тб | F20: 1xRJ45 | G20: 1xRCA | H20: 1xVGA 1xHDMI | I20: 1xRCA | J20: 16 | K20: 8 | L20: 4 | M20: 5 | N20: 2 x USB2.0 (3G модем / Flash), USB мышь и ИК-пульт, 12v DC 2А внешний адаптер в комплекте. | O20: 105.9 | P20: =ROUNDUP(O20*$A$1,2) -> 211.8
B21: NOVICAM NR1232 | C21: 8Мп 5Мп 1080p (1920х1080) 960p (1280x960) | D21: 200 625 800 800 | J21: 32 | K21: 32 | L21: 25 | N21: 2 x USB3.0 (3G модем / Flash), запись Full HD - 100к/с и 200к/с, воспроизведение Full HD - 50к/с, USB мышь и ИК-пульт, 12v DC 2А внешний адаптер в комплекте. 4К видеовыход. Поддержка ONVIF | O21: 142 | P21: =ROUNDUP(O21*$A$1,2) -> 284
B23: NOVICAM NR2232 | C23: 5Мп 4Мп 1080p 720p | D23: 200 400 800 800 | E23: SATA x 2 до10 Тб | F23: 1xRJ45 | G23: 1xRCA | H23: 1 x VGA 1 x HDMI | I23: 1xRCA | J23: 32 | K23: 32 | L23: 8 | N23: Запись всех каналов с разрешением 4К (8 Mpix). Формат записи H.265+ / H.265 / H.264+ / H.264 / MPEG4. Поддержка VCA - интеллектуальной аналитики IP видеокамер. Видеовыход HDMI c разрешением до 4К. Наличие USB 3, поддержка ONVIF | O23: 250.6 | P23: =ROUNDUP(O23*$A$1,2) -> 501.2
B24: NOVICAM NR2816 | C24: 8Мп 5Мп 3Мп 1080p 720p | E24: SATA x2 до10 Тб | F24: 1xRJ45 | G24: 1xRCA | H24: 1 x VGA 1 x HDM | J24: 16 | K24: 16 | L24: 16 | M24: 4 | N24: Поддержка камер 8Mpix (4K разрешение) на всех 16 каналах, поддержка камер с повышенным fps - 50/60 к/с, поддержка форматов сжатия H.265+, H.265, H.264+, H.264, MPEG4, есть тревожные вх/вых - 4/1. | O24: 262 | P24: =ROUNDUP(O24*$A$1,2) -> 524
B26: NOVICAM NR4232 | C26: 5Мп 4Мп 1080p (1920х1080) 960p (1280x960) | D26: 400 400 800 800 | E26: 4 x SATA до 32Тб + e-SATA 8Тб | F26: 1xRJ45 | G26: 1xRCA | H26: 1xVGA 1xHDMI | I26: 1xRCA | J26: 32 | K26: 32 | L26: 8 | M26: 5 | N26: Сеть RJ45: 1 Гбит, 2 x USB2.0+1 x USB3.0 (3G модем / Flash), 1 x RS485, USB мышь и ИК-пульт, 12v DC 2А, Установка в стойку 19" крепление в комплекте. Тревожные вх/вых. 16/4. | O26: 337.92 | P26: =ROUNDUP(O26*$A$1,2) -> 675.84
B28: NOVICAM NR4832 | C28: 8Мп 5Мп 3Мп 1080р (1920х1080) 960p (1280х960) х | E28: 4 x SATA 3,5" до 10Тб каждый | F28: 2xRJ45 | G28: 1xRCA | H28: 1 x VGA 1 x HDMI | J28: 32 | K28: 32 | L28: 32 | M28: 2 | N28: Запись всех каналов с разрешением 4К (8 Mpix). Формат записи H.265+ / H.265 / H.264+ / H.264 / MPEG4. Поддержка VCA - интеллектуальной аналитики IP видеокамер. Видеовыход HDMI c разрешением до 4К USB 3.0. Поддержка ONVIF. Крепления в комплекте | O28: 640.8 | P28: =ROUNDUP(O28*$A$1,2) -> 1281.6
B30: Регистраторы PRO
B31: Профессиональные мультиплексные видеорегистраторы производства компании NOVIcam, созданы на основе высокопроизводительного чипсета HiSilicon с применением новейших технологий. Функции удалённого одновременного подключения до 128 клиентов и облачный сервис P2P позволяют получить доступ к легко подключиться и настроить видеорегистратор пользователям, где бы они не находились. Совместимость программного обеспечения PRO серии позволяет объединять аналоговые, TVI и IP регистраторы NOVIcam PRO в единую сеть наблюдения с возможностью удалённой настройки и управления.
C32: Аналог+TVI + AHD + IP | P32: цена c НДС, руб
C33: Благодаря высокопроизводительному процессору и профессиональной операционной системе, регистраторы гибко настраиваются под необходимые условия и работают одновременно с TVI, аналоговыми и IP камерами. Функция автоопределения распознает какой тип камер был подключен к регистратору – аналоговые или TVI, после чего изображение выводится на экран без необходимости дополнительных настроек.
C34: разрешение | D34: к/с | E34: HDD | F34: Вход | H34: Выход | J34: Количество каналов IP | M34: Кратность уп. | N34: Особенности модели
F35: видео | G35: аудио | H35: видео | I35: аудио | J35: 1 Мп | K35: 2 Мп | L35: 3 Мп
B36: NOVICAM PRO TR1004A | C36: 1080n (960х1080) 720p (1280x720) | D36: 100 100 | E36: SATA x 1 до 8 Тб | F36: 4xBNC | G36: 1xRCA | H36: 1xVGA 1xHDMI | I36: 1xRCA | J36: 5 | L36: - | M36: 10 | N36: 3G, USB Flash. поддержка NAS, поддержка CVI (для TR1016A) | O36: 58 | P36: =ROUNDUP(O36*$A$1,2) -> 116
B37: NOVICAM PRO TR1104A | C37: 3 Мп 1080p (1920х1080) 720p (1280x720) 960H (960x576) | D37: 12 48 100 100 | G37: 4xRCA | H37: 1xVGA 1xHDMI | J37: 5 | K37: 5 | L37: 5 | M37: 8 | N37: RS485. ИК пульт в комплекте, UTC меню, поддержка NAS | O37: 110 | P37: =ROUNDUP(O37*$A$1,2) -> 220
B38: NOVICAM PRO TR1104F | C38: 3 Мп 1080p (1920х1080) 720p (1280x720) 960H (960x576)" | D38: 15 60 100 100 | H38: 1xVGA 1xHDMI 1xBNC | J38: 5 | K38: 5 | L38: 5 | N38: 5в1 (AHD, TVI, CVI, аналог, IP). Живое видео с разрешением 3Мп TVI и 4Мп IP. Дальность передачи TVI сигнала до 500 метров Управление UTC меню TVI камер через кабель видеосигнала. Просмотр с мобильных устройств iPad, iPhone, Android | O38: 110 | P38: =ROUNDUP(O38*$A$1,2) -> 220
B39: NOVICAM PRO TR1116LF | C39: 3Мп 1080p 720p | D39: 60 240 400 | F39: 16хBNC | G39: 1xRCA | H39: 1xVGA 1xHDMI 1xBNC | I39: 1xRCA | J39: 18 | K39: 18 | M39: 4 | N39: Живое видео с разрешением 3Мп TVI и 4Мп IP Квотирование дискового пространства Бесплатный облачный сервис Р2Р. Дальность передачи TVI сигнала до 500 метров Управление UTC меню TVI камер через кабель видеосигнала. Просмотр с мобильных устройств iPad, iPhone, Android | O39: 282.8 | P39: =ROUNDUP(O39*$A$1,2) -> 565.6
B41: NOVICAM PRO TR1008A | C41: 1080n (960х1080) 720p (1280x720) | E41: SATA x 1 до 8 Тб | F41: 8xBNC | G41: 1xRCA | H41: 1xVGA 1xHDMI | I41: 1xRCA | J41: 10 | K41: 10 | M41: 10 | N41: 3G, USB Flash. поддержка NAS | O41: 104 | P41: =ROUNDUP(O41*$A$1,2) -> 208
B42: NOVICAM PRO TR1108F | C42: 4Мп 1080p (1920х1080) 720p (1280x720) 960H (960x576) | D42: 250 120 200 200 | F42: 8xBNC | G42: 4xRCA | H42: 1 x BNC 1xVGA 1xHDMI | J42: 10 | K42: 10 | L42: 10 | M42: 8 | N42: RS485. ИК пульт в комплекте, UTC меню, поддержка NAS, поддержка CVI. Увеличена скорость записи TVI каналов с 12 до 15к/сек | O42: 159.2 | P42: =ROUNDUP(O42*$A$1,2) -> 318.4
B43: NOVICAM PRO TR1208F | C43: 6Мп (IP) 5Мп 3Мп 1080p (1920х1080) 960p (1280x960) 720p (1280x720) | I43: 1xRCA | J43: 10 | K43: 10 | L43: 10 | M43: 8 | N43: Выход HDMI 4К + VGA 1080р, USB Flash, RS485. USB мышь и ИК пульт в комплекте, поддержка NAS. Поддержка 6 Мп. Формат записи H.265+ / H.265 / H.264+ / H.264. Видеовыход HDMI c разрешением до 4К. | O43: 235.4 | P43: =ROUNDUP(O43*$A$1,2) -> 470.8
B44: NOVICAM PRO TR2108F | C44: 4Мп (IP) 3Мп 1080p (1920х1080) 960p (1280x960) 720p (1280x720) | E44: SATA x 2 до 8 Тб | G44: 8xRCA | N44: Выход HDMI 4К + VGA 1080р, USB Flash, RS485. USB мышь и ИК пульт в комплекте, поддержка NAS. Поддержка 4 Мп. Аналитика с аналоговыми камерами. | O44: 292 | P44: =ROUNDUP(O44*$A$1,2) -> 584
B46: NOVICAM PRO TR1016A | C46: 1080n (960х1080) 720p (1280x720) | D46: 400 400 | E46: SATA x 1 до 8 Тб | F46: 16xBNC | G46: '1xRCA | H46: 1xVGA 1xHDMI | I46: 1xRCA | J46: 10 | K46: 10 | M46: 10 | N46: 3G, USB Flash. поддержка NAS, поддержка CVI | O46: 208 | P46: =ROUNDUP(O46*$A$1,2) -> 416
B47: NOVICAM PRO TR2116A | C47: 3 Мп 1080p (1920х1080) 720p (1280x720) 960H (960x576) | D47: 48 192 400 400 | E47: SATA x 2 до 8 Тб каждый | G47: 4xRCA | H47: 1 x BNC 1 x VGA 1 x HDM | I47: 1 x RCA | J47: 18 | K47: 18 | L47: 18 | M47: 4 | N47: Живое видео с разрешением 3Мп. Подключение TVI, AHD, CVI, IP и аналоговых камер. Квотирование дискового пространства Дальность передачи TVI сигнала до 500 метров RS485. ИК пульт в комплекте, UTC меню, поддержка NAS, поддержка CVI | O47: 324 | P47: =ROUNDUP(O47*$A$1,2) -> 648
B48: NOVICAM PRO TR2116F | C48: 3 Мп 1080p (1920х1080) 720p (1280x720) 960H (960x576) | D48: 48 240 400 400 | H48: 1хBNC 1xVGA 1xHDMI (4К) | J48: 18 | K48: 18 | L48: 18 | N48: USB Flash, RS485. ИК пульт в комплекте, UTC меню, поддержка NAS, поддержка CVI. Аналитика с аналоговыми камерами. Формат записи H.265+, H.265, H.264+, H.264 | O48: 385 | P48: =ROUNDUP(O48*$A$1,2) -> 770
B49: NOVICAM PRO TR2216A | C49: 4Мп 3Мп 1080p (1920х1080) 960p (1280x960) 720p (1280x720) | D49: 240 480 480 480 | J49: 18 | K49: 18 | L49: 18 | N49: Выход HDMI 4К + VGA 1080р, USB Flash, RS485. USB мышь и ИК пульт в комплекте, поддержка NAS, поддержка CVI | O49: 552.15 | P49: =ROUNDUP(O49*$A$1,2) -> 1104.3
B50: NOVICAM PRO TR2216F | C50: 6МП (IP) 5Мп 3Мп 1080p (1920х1080) 960p (1280x960) 720p (1280x720) | D50: 96 96 480 480 480 | H50: 1 x BNC 1 x VGA 1 x HDM | J50: 18 | K50: 18 | L50: 18 | N50: Живое видео TVI в разрешении до 5Мп, IP до 6Мп. Дальность передачи TVI сигнала до 500 метров. Управление UTC меню TVI камер через кабель видеосигнала. Просмотр с мобильных устройств iPad, iPhone, Android. Формат записи H.265+ / H.265 / H.264+ / H.264 Видеовыход HDMI c разрешением до 4К Ускоренное воспроизведение записи х256. | O50: 552.15 | P50: =ROUNDUP(O50*$A$1,2) -> 1104.3
B51: NOVICAM PRO TR4216 | C51: 1080p (1920х1080) 720p (1280x720) | E51: SATA x4 до 8 Тб/каждый, e-SATAх1 | F51: 16xBNC | G51: 16xRCA | H51: 1xVGA 1xHDMI 1xBNC | I51: 2xRCA | J51: 18 | K51: 18 | L51: 18 | M51: 2 | N51: Эапись всех каналов в режиме реального времени с разрешением 1080р. USB Flash, RS485. USB мышь и ИК пульт в комплекте. Тревожные вх/вых. 16/4, поддержка NAS. Крепления в комплекте. | O51: 868.9 | P51: =ROUNDUP(O51*$A$1,0) -> 1738
B52: NOVICAM PRO TR4216F | C52: 8 Мп (IP) 5 Мп (2560x1920) 3 Мп (2048х1536) 1080p (1920х1080) 960p (1280x960) 720p (1280x7 | N52: Поддержка 16 TVI 5 Mpix видеокамер, 18 IP 8 Mpix видеокамер, USB Flash, RS485. USB мышь и ИК пульт в комплекте. Формат записи H.265+ / H.265. Тревожные вх/вых. 16/4, поддержка NAS. Крепления в комплекте | O52: 1022.2 | P52: =ROUNDUP(O52*$A$1,2) -> 2044.4
C54: IP | P54: цена
C56: разрешение | D56: к/с | E56: HDD | F56: Вход | H56: Выход | J56: РоЕ | K56: Кол-во каналов IP | M56: Кратность уп. | N56: Особенности модели
F57: видео | G57: аудио | H57: видео | I57: аудио | K57: 1-2 Мп | L57: 3-4 Мп
B58: NOVICAM PRO NR1604-P4 | C58: 4Мп, 3Мп 1080p (1920х1080) 960p (1280x960) 720p (1280x720 | D58: 120 | E58: SATAx1 до 8 Тб | F58: 1xRJ45 | G58: 1xRCA | H58: 1xHDMI 1xVGA | I58: 1xRCA 1xHDMI | J58: 4 | K58: 4 | L58: 4 | M58: 10 | N58: 4 POE порта для подключения камер, поддержка камер с разрешением 4 Mpix, питание от внешнего БП DC 48В, 1.36A, Поддержка NAS (NFS, iSCSi) | O58: 140 | P58: =ROUNDUP(O58*$A$1,2) -> 280
B59: NOVICAM PRO NR1604 (ver. 304) | J59: - | K59: 4 | L59: - | N59: Запись всех каналов в реальном времени 1080р. | O59: 68 | P59: =ROUNDUP(O59*$A$1,2) -> 136
B60: NOVICAM PRO NR1604 (ver. 3027) | E60: SATAx1 до 10 Тб | J60: - | K60: 4 | L60: 4 | N60: Запись всех каналов в реальном времени и разрешении до 4 Mpix | O60: 80 | P60: =ROUNDUP(O60*$A$1,2) -> 160
B61: NOVICAM PRO NR1608 | D61: 240 | J61: - | K61: 8 | L61: 8 | O61: 110.8 | P61: =ROUNDUP(O61*$A$1,2) -> 221.6
B62: NOVICAM PRO NR1616 | C62: 1080p (1920х1080) 960p (1280x960) 720p (1280x720) | D62: 480 | E62: SATAx1 до 8 Тб | J62: - | K62: 16 | L62: - | N62: Запись всех каналов в реальном времени 1080р | O62: 160 | P62: =ROUNDUP(O62*$A$1,2) -> 320
C64: разрешение | D64: к/с | E64: HDD | F64: Вход | H64: Выход | J64: РоЕ | K64: Кол-во каналов IP 1,2,3,4,5 Мп | M64: Кратность уп. | N64: Особенности модели
F65: видео | G65: аудио | H65: видео | I65: аудио
B66: NOVICAM PRO NR2616 | C66: 5Мп 3Мп 1080p (1920х1080) 960p (1280x960) 720p (1280x720) | D66: 400 | E66: SATAx2 до 16 Тб | F66: 1xRJ45 10/100 /1000 Мбит/с | G66: 1xRCA | H66: 1xHDMI Full HD 1xVGA Full HD | I66: 1xRCA 1xHDMI | J66: - | K66: 16 | M66: 4 | N66: 1 x USB2.0+1 x USB3.0, USB мышь и ИК-пульт в комплекте. Питание DС 12В 1А, поддержка NAS. | O66: 220.6 | P66: =ROUNDUP(O66*$A$1,2) -> 441.2
B67: NOVICAM PRO NR2616-P8 | J67: 8 | N67: PoE, 1 x USB2.0+1 x USB3.0, USB мышь и ИК-пульт в комплекте.. Питание АС 220В, поддержка NAS. | O67: 350.5 | P67: =ROUNDUP(O67*$A$1,2) -> 701
B69: NOVICAM PRO NR4632 | C69: 6Мп 5Мп 3Мп 1080p (1920х1080) 960p (1280x960) 720p (1280x720) | D69: 800 | E69: Т4 x SATA 3,5" до 8Тб каждый | F69: 2xRJ45 10/100 /1000 Мбит/с | G69: 1xRCA | H69: 1xHDMI Full HD 1xVGA Full HD | I69: 1xRCA 1xHDMI | J69: - | K69: 32 | M69: 2 | N69: RS485 2 x USB2.0, 1 x USB3.0, USB мышь и ИК-пульт в комплекте, Питание AC 220В, 20Вт, Тревожные вх/вых. 16/4, поддержка NAS. | O69: 623.2 | P69: =ROUNDUP(O69*$A$1,2) -> 1246.4
C71: разрешение | D71: к/с | E71: HDD | F71: Вход | H71: Выход | J71: РоЕ | K71: Кол-во каналов IP 1,2,3,4,5,8 Мп | M71: Кратность уп. | N71: Особенности модели
F72: видео | G72: аудио | H72: видео | I72: аудио
B73: NOVICAM PRO NR1804 | C73: 8 Мп (3840x2160) 5 Мп (2560x1920) 3 Мп (2048х1536) 1080p (1920х1080) 960p (1280x960) 720p (1280x720) | D73: 120 | E73: SATAx1 до 8 Тб | F73: 1xRJ45 | G73: 1xRCA | H73: 1xHDMI 4К 1xVGA Full HD | I73: 1xRCA 1xHDMI | J73: - | K73: 4 | M73: 8 | N73: 4K HDMI видеовыход. 1 x USB2.0+1 x USB3.0, USB мышь в комплекте, Питание DC 12В, 1.5А. | O73: 116 | P73: =ROUNDUP(O73*$A$1,2) -> 232
B74: NOVICAM PRO NR1808 | D74: 240 | K74: 8 | O74: 150 | P74: =ROUNDUP(O74*$A$1,2) -> 300

Sheet Аксессуары, комплекты, запись
A1: ='Акции и спецпредложения'!$A$1 -> 2
B2: Аксессуары
C4: Пулть управления IP и аналоговыми поворотными видеокамерами | L4: цена c НДС, руб
C6: Предназначение | E6: Технические параметры | F6: Дальность управления | G6: Особенности модели
B7: NOVIcam ZK101 | C7: Пульт управления для управления купольными поворотными камерами через интерфейс RS-485. Клавиатура ZK101 совместима с купольными поворотными камерами NOVIcam, а так же с другими PTZ устройствами с поддержкой протоколов PELCO-D и PELCO-P. | E7: 1 x RS-485 | F7: до 1200м | G7: ЖК дисплей. Трехмерный джойстик. Встроенное многострочное меню. Возможность задавать и запоминать различные установки, режимы сканирования и траектории. Управление приближением, диафрагмой и фокусировкой камеры Отображение на дисплее текущих настроек. Разъем RS-485; Возможность одновременного управления 31 камерой Совместимость с протоколами управления Pelco-P, Pelco-D. Возможность одновременного управления 128 камерами | K7: 166.4 | L7: =ROUNDUP(K7*$A$1,2) -> 332.8
B8: NOVIcam NK102 | C8: Пульт управления поворотными видеокамерами. Управление IP видеокамерами по протоколу NOVIcam и ONVIF. Управление видеорегистраторами NOVIcam PRO по внутреннему протоколу. | E8: 1 x RS-485 1 x RS-422 1 x RS-232 1 x RJ45 | G8: 128 x 64 дисплей. Трёхмерный джойстик. Встроенное меню. Поддержка управления аналоговыми устройствами через интерфейс RS-485. Управление приближением, диафрагмой и фокусировкой видеокамеры. Отображение на дисплее текущих настроек Большой цветной LCD-дисплей с подсветкой 8". 1 видеоканал вход/выход. Разъемы USB, VGA. Протокол управления RS485. | K8: 508 | L8: =ROUNDUP(K8*$A$1,2) -> 1016
C10: Кронштейны к купольным поворотным камерам | L10: цена
C12: Предназначение | F12: Место крепеления | G12: Длина | H12: Совместимость с камерами
B13: NOVICAM CH102 | C13: Кронштейн для крепления на стену | F13: К стене | G13: 9,7 см | H13: Кронштейн для NC24P | K13: 14.3 | L13: =ROUNDUP(K13*$A$1,2) -> 28.6
B14: NOVICAM PH701 | C14: Кронштейн для крепления камеры | F14: на потолок | G14: 20 см | H14: TP123, TP223, NP220 | K14: 29 | L14: =ROUNDUP(K14*$A$1,2) -> 58
B15: NOVICAM PH708 | C15: Основание на столб для крепления кронштейна | F15: на столб | G15: 25 см | K15: 29 | L15: =ROUNDUP(K15*$A$1,2) -> 58
B16: NOVICAM PH790 | C16: Основание для крепления камеры Для установки камеры на основание требуется также настенное крепление. | F16: на угол | G16: 25 см | K16: 29 | L16: =ROUNDUP(K16*$A$1,2) -> 58
C18: Тестер | L18: цена
C19: Удобные клавиши управления позволяют настраивать меню видеокамер и управлять PTZ видеокамерами. Так же тестер имеет разъёмы VGA, HDMI что дает возможность подключить видеорегистратор и настроить его.
C20: Предназначение | D20: Формат | E20: Экран | F20: Батарея | G20: Питание входное | H20: Питание выходное | I20: Особенности модели
B21: NOVICAM PRO TVI TESTER | C21: Настройка изображения с TVI, AHD и аналоговых камер | D21: До 1080p TVI, analog | E21: 7", цветной | F21: Li-ion, 7800мА | G21: DC 12.6В 1А 12Вт | H21: DC 12В 2А 24Вт | I21: зарядное устройство АС110-220В в комплекте | K21: 298.2 | L21: =ROUNDUP(298.2*$A$1,2) -> 596.4
C25: Микрофоны | L25: цена
C27: Акустическая дальность | D27: Полоса пропускания | E27: Соотношение сигнал/шум | F27: Дальность передачи аудио | G27: Исполнение | H27: Питание | I27: Особенности модели
B28: NOVICAM AM16 | C28: 6 м | D28: 100 - 7500 Гц | E28: 55 Дб | F28: 1000 м | G28: внутреннее | H28: DC12В 0.015А | I28: Активный | K28: 3.2 | L28: =ROUNDUP(K28*$A$1,2) -> 6.4
B29: NOVICAM AM110G | C29: 10м | D29: 20 - 20000 Гц | H29: DC12В 0.02А | I29: Активный, регулировка усиления | K29: 5 | L29: =ROUNDUP(K29*$A$1,2) -> 10
B30: NOVICAM AM510G | K30: 5.2 | L30: =ROUNDUP(K30*$A$1,2) -> 10.4
B31: NOVICAM AM710W | G31: уличное | I31: Активный | K31: 13.7 | L31: =ROUNDUP(K31*$A$1,2) -> 27.4
C33: 3G модем | L33: цена
B34: Модем 3G E173 | C34: Работа со всеми сотовыми операторами. Совместим со всеми регистраторами NOVIcam, поддерживающими работу через модем. | K34: 28.33 | L34: =35.56*$A$1 -> 71.12
C36: Муляжи видеокамер | L36: цена
C38: Питание | E38: Исполнение | H38: Особенности модели
B39: NOVICAM C11 | C39: 3v DC, 2хААА | E39: Внутреннее | H39: Светодиод, имитирующий работу камеры | K39: 5.2 | L39: =ROUNDUP(K39*$A$1,2) -> 10.4
B40: NOVICAM C13W | E40: Уличное IP66 | K40: 12.1 | L40: =ROUNDUP(K40*$A$1,2) -> 24.2
C42: Монтажные коробки | L42: цена
C44: Предназначение | F44: Материал корпуса | H44: Совместимость с камерами
B45: NOVICAM BOX Bullet | C45: Монтаж уличных видеокамер типа "пуля" | F45: высококачественный алюминиевый сплав | H45: FC19W, T29W, FC29W, T39W, NC29WP, NC39WP, NC49WP | K45: 20.3 | L45: =ROUNDUP(K45*$A$1,2) -> 40.6
B47: Комплект IP-видеонаблюдения | L47: цена
C48: Готовые комплекты видеонаблюдения созданы специально для конечного потребителя. В комплект входят все необходимые компоненты, включая кабель и коннекторы.
C49: Исполнение | D49: Камеры | E49: Комплектация | I49: Особенности
B50: NOVICAM FK1104 | C50: Уличное | D50: IP камеры 720p | E50: - Видеорегистратор - 1 шт. - IP камера - 4 шт. - Адаптер питания для видеорегистратора - 1 шт. - Адаптер питания для IP камеры - 4 шт. - USB мышь - 1 шт. - Крепежный комплект HDD - 1 шт. - Крепежный комплект для IP камер - 4 шт. - Влагозащищенный разъем - 4 шт. - Форма для точного монтажа - 4шт. - CD диск - 1 шт. - Краткое руководство пользователя - 1шт. - Кабель питания HDD - 1 шт. - Кабель данных SATA - 1 шт. | I50: Идеальное решение для улицы, дачи, гаража Мобильное приложение для iOs и Android Полный комплект для подключения Возможность записи по времени и по движению Отправка оповещений по тревоге на e-mail Меню на русском языке | K50: 271 | L50: =ROUNDUP(K50*$A$1,2) -> 542
B52: Решения для хранения видеосигнала
B54: Профессиональные накопители для систем видеонаблюдения | C54: Профессиональные флеш накопители для систем видеонаблюдения | L54: цена
C55: MicroSD карта памяти предназначенная для установки в IP видеокамеры, что позволяет вести запись без использования видеорегистраторов или внешних хранилищ.
C56: Емкость, ГБ | D56: Тип | E56: Класс | F56: Скорость | G56: Особенности модели | I56: Совместимость
B57: MC4396 | C57: 64 | D57: MicroSD | E57: 10 | F57: чтения 25 мб/с записи 20 мб/с | G57: Защита от статического элек-ва и воздействия высоких темп-р | I57: с разъемами microSDHC и microSDXС | K57: 81.5 | L57: =27*$A$1 -> 54
B59: Профессиональные накопители для систем видеонаблюдения | C59: Профессиональные накопители для систем видеонаблюдения | L59: цена
C60: Уникальная технология AllFrame работает с набором команд обработки потоковых данных протокола ATA, уменьшая число ошибок, вызывающих распад изображения и перебои в записи, которые возникают при использовании в системах безопасности обычных накопителей для компьютеров.
C61: Емкость, ТБ | D61: Технология | E61: Особенности модели
B62: WD10PURX | C62: 1 | D62: AllFrame | E62: - круглосуточная работа в суровых условиях систем HD видеонаблюдения - функционирование в условиях сильной вибрации и больших перепадов температур - совместимы с широким спектром систем безопасности - технология AllFrame - совместимы с изделиями ведущих производителей корпусов и чипсетов - оптимизированы для работы с 32 или менее видеокамерами высокой четкости - малое энергопотребление | K62: 81.5 | L62: 0
B63: WD20PURX | C63: 2 | K63: 112 | L63: 0
B64: WD30PURX | C64: 3 | K64: 147.4 | L64: 0
B65: WD40PURX | C65: 4 | K65: 216 | L65: 0
B66: WD60PURX | C66: 6 | K66: 216 | L66: 0
B67: WD80PUZX | C67: 8 | K67: 489.4 | L67: 0

Sheet Домофония
A1: ='Акции и спецпредложения'!$A$1 -> 2
B2: Домофония
B3: Домофонные системы (домофоны) — электронные системы - разновидность систем ограничения доступа, передающие сигнал от вызывного блока к переговорному устройству. Они обеспечивают безопасность и сохранность имущества в офисах, квартирах, частных домах, могут быть установлены в подъездах многоквартирных домов. Существуют решения на основе IP и аналоговые решения. NOVIcam представляет свою продукцию линейки PRO в IP решениях, основным преимуществом которых является масштабируемость и возможность создания сложных систем. И линейку SOHO в аналоге, отличающуюся простотой монтажа и доступностью.
B4: АНАЛОГОВЫЕ РЕШЕНИЯ | L4: цена c НДС, руб
D5: КОМПЛЕКТЫ
C6: Комплекты видеодомофоны NOVIcam предназначены для организации домофонной аудио и видео системы. В комлект входит монитор и вызывная панель, которые позволяют управлять электрозамками, осуществлять голосовую связь и видеомониторинг.
C7: Дисплей | D7: Кол-во выз.панелей | E7: Память | F7: Доп.мониторы | G7: Камеры | H7: Питание | I7: Кратность уп.(шт.) | J7: Особенности
E8: БЮДЖЕТНЫЕ КОМПЛЕКТЫ ВИДЕОДОМОФОНОВ
B9: NOVICAM SMILE 4 KIT | C9: Цветной ЖК 4.3" (320х240) | D9: LEGEND SILVER (540 ТВЛ, 66°) в комплекте + 1 опция | E9: - | F9: До 3 (SMILE или MAGIC) | G9: 1 (вместо 2-ой панели) | H9: Универсальное AC 220В/DC 12В, 3.6Вт | I9: 10 | J9: Механические кнопки управления; Интерком и переадресация между мониторами; Оригинальный дизайн; Управление любым электрозамком; Настройка изображения и уровня громкости; Совместимость с многоквартирными домофонами через модули сопряжения. | K9: 92.4 | L9: =ROUNDUP(K9*$A$1,2) -> 184.8
B10: NOVICAM SMILE 7 KIT | C10: Цветной ЖК 7" (800х480) | H10: Универсальное AC 220В/DC12В, 4.8Вт | K10: 113.8 | L10: =ROUNDUP(K10*$A$1,2) -> 227.6
C12: Мониторы видеодомофонов | L12: Цена
C13: Мониторы NOVIcam предназначены для организации домофонной аудио и видео системы. Устанавливаются совместно с вызывными панелями и позволяют управлять электрозамками, осуществлять голосовую связь и видеомониторинг.
C14: Дисплей | D14: Кол-во панелей | E14: Память | F14: Доп.мониторы | G14: Камеры | H14: Питание | I14: Кратность уп. (шт.) | J14: Особенности
D15: СЕРИЯ БЮДЖЕТНЫХ МОНИТОРОВ
B16: NOVICAM SMILE 4 | C16: Цветной ЖК 4.3" (320х240) | D16: 2 | E16: - | F16: До 3 (SMILE или MAGIC) | G16: 1 (вместо 2-ой панели) | H16: Универсальное AC 220В/DC 12В, 3.6Вт | I16: 20 | J16: Механические кнопки управления; Интерком и переадресация между мониторами; Оригинальный дизайн; Настройка изображения и уровня громкости; Совместимость с многоквартирными домофонами через модуль сопряжения. | K16: 58.4 | L16: =ROUNDUP(K16*$A$1,2) -> 116.8
B17: NOVICAM SMILE 7 | C17: Цветной ЖК 7" (800х480) | H17: Универсальное AC 220В/DC 12В, 4.8Вт | K17: 80.8 | L17: =ROUNDUP(K17*$A$1,2) -> 161.6
D18: СЕРИЯ СТИЛЬНЫХ И ФУНКЦИОНАЛЬНЫХ МОНИТОРОВ
B19: NOVICAM WHITE MAGIC 4 DARK MAGIC 4 | C19: Цветной ЖК 4.3" (320х240) | D19: 2 | E19: Своя на 86 фото + поддержка MicroSD до 32Гб (класс 10 и выше) | F19: До 3 (SMILE или MAGIC) | G19: 2 + 1(вместо 2 вызывной панели) | H19: Универсальное AC 220В/DC 12В, 3.6Вт | I19: 20 | J19: Корпус в двух цветовых решениях; Стильный графический интерфейс; Сенсорные кнопки управления c белой подсветкой; Подключение 2 датчиков; Видеовыход для подключения к видеорегистратору/монитору; Интерком и переадресация между мониторами; Запись фото или видео вручную/по тревоге/по движению; Голосовая почта; Функция "Не беспокоить"; Отображение часов и даты в режиме ожидания; Совместимость с многоквартирными домофонами через модуль сопряжения. | K19: 80.2 | L19: =ROUNDUP(K19*$A$1,2) -> 160.4
B20: NOVICAM WHITE MAGIC 7 DARK MAGIC 7 | C20: Цветной ЖК 7" (800х480) | H20: Универсальное AC 220В/DC 12В, 4.8Вт | I20: 10 | K20: 116.4 | L20: =ROUNDUP(K20*$A$1,2) -> 232.8
B21: NOVICAM WHITE MAGIC 10 DARK MAGIC 10 | C21: Цветной ЖК 10.1" (1024х480) | H21: Универсальное AC 220В/DC 12В, 6Вт | K21: 167.2 | L21: =ROUNDUP(K21*$A$1,2) -> 334.4
D22: СЕРИЯ START
B23: NOVICAM ADM4 | C23: Цветной ЖК 4.3" (480х272) | D23: 1 | E23: - | F23: До 2 (ADM4) | G23: - | H23: DC 15В, 18Вт (БП в комплекте) | I23: 20 | J23: Сенсорные кнопки управления; Стильный дизайн; Настройка изображения и уровня громкости; Совместимость с многоквартирными координатными домофонами через модуль сопряжения. | K23: 38.3 | L23: =ROUNDUP(K23*$A$1*1.5,2) -> 114.9
B24: NOVICAM PM76 | C24: Цветной сенсорный ЖК 7" (800х480) | D24: 2 | E24: Своя 64Мб + поддержка MicroSD до 32Гб (класс 10 и выше) | F24: До 3 (PM76) | G24: 4 + 1(вместо 2 вызывной панели) | H24: Универсальное AC 220В/DC 14.5В, 14.5Вт | I24: 10 | J24: Стильный графический интерфейс; Сенсорное управление (кнопки + экран); Видеовыход для подключения к видеорегистратору/монитору; Адресный интерком и переадресация между мониторами; Запись фото или видео вручную/по движению; Голосовая почта; Функция "Не беспокоить"; Поддержка аудиотрубки; Совместимость с многоквартирными домофонами через модуль сопряжения. | K24: 125 | L24: =ROUNDUP(K24*$A$1*1.5,2) -> 375
C26: Аналоговые вызывные панели | L26: цена
C27: Вызывные панели NOVIcam предназначены для организации домофонной аудио и видео системы. Устанавливается совместно с монитором видеодомофона и позволяет вести наблюдение перед вызывной панелью, управлять электрозамком, а также осуществлять голосовую связь.
C28: Матрица | D28: Угол обзора по диагонали | E28: Управление замком | F28: Комплектация | G28: Защита | H28: Корпус | I28: Кратность уп. (шт.) | J28: Особенности
D29: СЕРИЯ КЛАССИЧЕСКИХ ВЫЗЫВНЫХ ПАНЕЛЕЙ
B30: NOVICAM LEGEND SILVER LEGEND BRONZE LEGEND BLACK | C30: 1/4 CMOS 540ТВЛ 0.1/0 люкс | D30: 66° | E30: Эл.-мех. реле Н.Р./Н.З. 2А,DC 30В 1А,AC 125В | F30: Уголок | G30: IP65 -45…+60°С | H30: Металл с порошковым напылением | I30: 50 | J30: Двусторонняя аудиосвязь, настройка громкости динамика; Автоматическая ИК подсветка до 3м; Совместимость с любыми типами 4-х проводных домофонов; Антикорозийное покрытие электронной платы; 3 цветовых решения: SILVER, BRONZE, BLACK. | K30: 38.8 | L30: =ROUNDUP(K30*$A$1,2) -> 77.6
B31: NOVICAM LEGEND 7 SILVER LEGEND 7 BRONZE LEGEND 7 BLACK | C31: 1/3 CMOS 700ТВЛ 0.1/0 люкс | D31: 81° | F31: Уголок Козырёк | K31: 44 | L31: =ROUNDUP(K31*$A$1,2) -> 88
D32: СЕРИЯ ОРИГИНАЛЬНЫХ ВЫЗЫВНЫХ ПАНЕЛЕЙ
B33: NOVICAM MASK SILVER MASK GOLD MASK BLACK | C33: 1/3 CMOS 800ТВЛ 0.1/0 люкс | D33: 111° | E33: Эл.-мех. реле Н.Р./Н.З. 2А, DC30В 1А,AC 125В | F33: Уголок Козырёк | G33: IP65 -45…+60°С | H33: Метал с пластиковой фронтальной накладкой | I33: 50 | J33: Кнопка с подсветкой; Настройка громкости динамика; Автоматическая ИК подсветка до 3м; Антикорозийное покрытие электронной платы; 3 цветовых решения накладки: SILVER, GOLD, BLACK. | K33: 63.8 | L33: =ROUNDUP(K33*$A$1,2) -> 127.6
D34: СЕРИЯ СТИЛЬНЫХ ВЫЗЫВНЫХ ПАНЕЛЕЙ
B35: NOVICAM FANTASY SILVER FANTASY BLACK | C35: 1/4 CMOS 800ТВЛ 0.1/0 люкс | D35: 136° | E35: Транзистор Н.Р. 2А,DC 30В | F35: Уголок | G35: IP66 -45…+60°С | H35: Металл | I35: 20 | J35: Кнопка с подсветкой; Автоматическая ИК подсветка до 3м; 2 цветовых решения: SILVER, BLACK. | K35: 74 | L35: =ROUNDUP(K35*$A$1,2) -> 148
B36: NOVICAM FANTASY ER WHITE FANTASY ER BLACK | E36: Транзистор Н.Р./Н.З. 2А,DC 30В | J36: Кнопка с подсветкой; Встроенный считыватель/контроллер Em-Marin СКУД; Автоматическая белая подсветка до 3м; 2 цветовых решения: WHITE, BLACK. | K36: 113.6 | L36: =ROUNDUP(K36*$A$1,2) -> 227.2
B37: NOVICAM FANTASY ERK SILVER FANTASY ERK BLACK | F37: - | I37: 12 | J37: Кнопка с подсветкой; Встроенный считыватель/контроллер Em-Marin СКУД; Сенсорная кодонаборная клавиатура; Автоматическая белая подсветка до 3м; 2 цветовых решения: WHITE, BLACK. | K37: 135 | L37: =ROUNDUP(K37*$A$1,2) -> 270
B38: NOVICAM FANTASY 2 SILVER FANTASY 2 BLACK | J38: Поддержка работы с 2-мя мониторами; Световые индикаторы активного абонента; Автоматическая белая подсветка до 3м; 2 цветовых решения: SILVER, BLACK. | K38: 75.8 | L38: =ROUNDUP(K38*$A$1,2) -> 151.6
B39: NOVICAM FANTASY 4 SILVER FANTASY 4 BLACK | J39: Поддержка работы с 4-мя мониторами; Световые индикаторы активного абонента; Автоматическая белая подсветка до 3м; 2 цветовых решения: SILVER, BLACK. | K39: 77.4 | L39: =ROUNDUP(K39*$A$1,2) -> 154.8
C40: СЕРИЯ START
B41: NOVICAM AD71 | C41: 1/4 CMOS 700ТВЛ 0.1/0 люкс | D41: 92° | E41: Эл.-мех. реле Н.Р. 5А, DC12В | F41: Уголок Козырёк | G41: IP65 -30…+60°С | H41: Металл | I41: 20 | J41: Кнопка с подсветкой; Настройка громкости динамика; Автоматическая ИК подсветка до 3м. | K41: 28.8 | L41: =ROUNDUP(K41*$A$1*1.5,2) -> 86.4
B42: NOVICAM AD94 | C42: 1/4 CMOS 900ТВЛ 0.1/0 люкс | D42: 102° | F42: Козырёк | G42: IP66 -30…+60°С | I42: - | K42: 35.33 | L42: =ROUNDUP(K42*$A$1*1.5,2) -> 105.99
C44: Аксессуары для аналоговых видеодомофонов | L44: цена
C45: МОДУЛИ СОПРЯЖЕНИЯ С МНОГОКВАРТИРНЫМИ ОБЩЕПОДЪЕЗДНЫМИ ДОМОФОНАМИ
C46: Модули сопряжения предназначены для подключения индивидуальных видеодомофонов к линиям связи общеподъездных домофонов, для приема вызовов от них и открывания подъездной дверей с помощью стандартных функций видеодомофона.
C47: Совместимость | F47: Подключение | G47: Размер (ШxВxГ) | H47: Кратность в упаковке | J47: Особенности модели
B48: Даксис МСК | C48: С координатными системами Vizit, Cyfral, Eltis, Метаком | F48: 4-х проводное | G48: 54x66x21 мм | H48: 45 | J48: Не занимает порт подключения панели полностью. | K48: 13.6 | L48: =ROUNDUP(20*$A$1,2) -> 40
B49: Даксис МСК СЛИМ | G49: 52х61х15 мм | J49: Миниатюрные габаритные размеры; Занимает порт подключения панели полностью. | K49: 13.2 | L49: =ROUNDUP(15.8*$A$1,2) -> 31.6
B50: Даксис МСЦ | C50: С цифровыми системами Даксис, Proel, Laskomex, Keyman-Polylock, Маршал-Raikmann, Метаком | G50: 54x66x21 мм | J50: Не занимает порт подключения панели полностью. | K50: 14.6 | L50: =ROUNDUP(20*$A$1,2) -> 40
C51: КОРОБКИ ДЛЯ МОНТАЖА ВИДЕОДОМОФОНОВ
C52: Монтажная коробка предназначена для установки мониторов и панелей, а также для скрытого монтажа коммуникаций. Благодаря высококачественному материалу монтажная коробка надежно защищёна от коррозии.
B53: NOVICAM NDBOX | C53: Подходит для монтажа аналоговых мониторов: SMILE, MAGIC, ADM4, PM76 Подходит для монтажа IP мониторов и панелей: NDM7, NDM7F, ND11W | H53: 81x78x50мм | I53: - | J53: Расстояние между отверстиями под крепления 60 мм. | K53: 3.4 | L53: =ROUNDUP(K53*$A$1,2) -> 6.8
C54: АУДИОТРУБКА ДЛЯ ДОМОФОНОВ
C55: Назначение | G55: Подключ-е | H55: Габариты | I55: Материал | J55: Особенности модели
B56: NOVIcam VOICE аудиотрубка | C56: Предназначена для использования в качестве дополнительной к мониторам. Позволяет организовать домофонную голосовую связь с вызывными панелями, мониторами и такими же аудиотрубками, а также управлять запирающими механизами. | G56: 4-х проводное | H56: 195х83х47 мм | I56: Пластик | J56: Управление замком через вызывные панели | K56: 18.2 | L56: =ROUNDUP(K56*$A$1,2) -> 36.4
C57: АКСЕССУАРЫ ДЛЯ МОНТАЖА ВЫЗЫВНЫХ ПАНЕЛЕЙ LEGEND
C58: Назначение | G58: Монтаж | H58: Материал | J58: Соместимость
B59: NOVIcam LEGEND BOX SILVER/BRONZE/BLACK | C59: Монтажная коробка для врезной установки вызывных панелей LEGEND | G59: накладной | H59: Алюминий с порошковым напылением | J59: LEGEND, LEGEND 7, LEGEND HD | K59: 3.2 | L59: =ROUNDUP(K59*$A$1,2) -> 6.4
B60: NOVIcam LEGEND SHIELD NOVIcam Защитный козырёк SILVER/BRONZE/BLACK | C60: Защитный козырёк для вызывных панелей LEGEND | K60: 1.5 | L60: =ROUNDUP(K60*$A$1,2) -> 3
B62: IP РЕШЕНИЯ
C64: IP мониторы видеодомофонов | L64: Цена
C65: IP мониторы NOVIcam PRO предназначены для организации IP системы домофонии. Устанавливается совместно с вызывной панелью и позволяет управлять электрозамком, осуществлять голосовую связь и видеомониторинг.
C66: Дисплей | D66: Кол-во панелей | E66: Память | F66: Доп.мониторы | G66: Камеры | H66: Питание | I66: Кратность уп. (шт.) | J66: Особенности
B67: NOVICAM NDM7 | C67: Цветной ЖК 7" (800х480) | D67: До 8 (ND11W) | E67: Своя 20Мб (фото и сообщения) | F67: До 5 (NDM7 или NDM7F) | G67: До 16 x 720p (Novicam, ONVIF) | H67: DC 12В (БП в комплект не входит)/PoE (опция через PV-POE01MS), 10Вт | I67: 20 | J67: Поддержка 2 датчиков; Конфигурирование через iVMS 4.1; Поддержка iVMS 4.1 (настройка). | K67: 122.9 | L67: =ROUNDUP(K67*$A$1,2) -> 245.8
B68: NOVICAM NDM7F | C68: Сенсорный цветной ЖК 7" (800х480) | J68: Поддержка WiFi; Поддержка P2P через Guarding Vision; Поддержка 2 датчиков; Поддержка iVMS 4.1 (настройка). | K68: 159.8 | L68: =ROUNDUP(K68*$A$1,2) -> 319.6
C70: IP вызывные панели | L70: Цена
C71: Вызывная панель NOVIcam PRO ND11W предназначена для организации IP системы домофонии. Устанавливается совместно с монитором видеодомофона и позволяет вести наблюдение перед вызывной панелью, а также осуществлять голосовую связь и контроль доступа.
C72: Матрица | D72: Угол обзора по диагонали | E72: Управление замком | F72: Питание | G72: Защита | H72: Корпус | I72: Кратность уп. (шт.) | J72: Особенности
B73: NOVICAM ND11W | C73: 1/3 CMOS 1.3Mpix 0.02/0 люкс | D73: 120° | E73: Эл.-мех.реле Н.Р./Н.З. 2A, DC 30В 0.5A, AC 125В | F73: DC 12В (БП в комплект не входит)/PoE (опция через PV-POE01MS), 10Вт | G73: IP65 -45…+70°С | H73: Пластик (врезной монтаж) | I73: 13 | J73: Широкий динамический диапазон (WDR); Поддержка iVMS 4.1 (работа, настройка); Автоматическая ИК подсветка; Встроенный контроллер СКУД Mifare; Тревожные входы/выходы - 4/1; Подсветка кнопки. | K73: 181.6 | L73: =ROUNDUP(K73*$A$1,2) -> 363.2
B74: NOVICAM ND21VP | C74: 1/3" 1.3 Mpix Progressive Scan CMOS | D74: 91° | F74: DC 12В±10%/PoE 48В, 1/0.25A, 12Вт | G74: IP66 | H74: Метал | I74: 4 | J74: Поворот камеры ±50° Подсветка кнопки. Двусторонняя аудиосвязь Адаптивная ИК-подсветка до 5м. Реле для управления любым замком. Встроенный детектор движения Тревожный вход для датчика двери или кнопки выхода. Вандалозащищенный металлический корпус IP66, IK9.Встроенный обогреватель Поддержка протоколов ONVIF, RTSP и NOVICAM | K74: 181.6 | L74: =ROUNDUP(K74*$A$1,2) -> 363.2
C76: Аксессуары для IP видеодомофонов | L76: Цена
C77: КОРОБКИ ДЛЯ МОНТАЖА ВИДЕОДОМОФОНОВ
C78: Монтажная коробка предназначена для установки мониторов и панелей, а также для скрытого монтажа коммуникаций. Благодаря высококачественному материалу монтажная коробка надежно защищёна от коррозии.
C79: Совместимость | H79: Размер (ШxВxГ) | I79: Кратность уп. (шт.) | J79: Особенности модели
B80: NOVICAM NDBOX | C80: Подходит для монтажа IP мониторов и панелей: NDM7, NDM7F, ND11W Подходит для монтажа аналоговых мониторов: SMILE, MAGIC, ADM4, PM76 | H80: 81x78x50мм | I80: - | J80: Расстояние между отверстиями под крепления 60 мм. | K80: 3.4 | L80: =ROUNDUP(K80*$A$1,2) -> 6.8

Sheet СКУД
A1: ='Акции и спецпредложения'!$A$1 -> 2
B2: СКУД
B3: Система контроля и управления доступом (СКУД) – это обязательный элемент комплексной системы безопасности и неотъемлемая часть современного офиса. Основной ее функцией является контроль входящих и выходящих людей, разграничение прохода посетителей и сотрудников в ответственные помещения предприятия. Зачастую СКУД интегрируют в общую систему безопасности, и она взаимодействует с видеонаблюдением или охранной сигнализацией. Также продвинутая СКУД несет в себе систему по учету рабочего времени. СКУД NOVIcam отвечает всем основным современным требованиям заказчика, при этом оставаясь доступным в покупке и простым в установке. Основные элементы : контроллер управления, считыватель идентификаторов и сами персональные идентификаторы, блокирующее устройство (замки) и устройство согласования (встроено в контроллер доступа).
C4: Контроллеры | L4: цена c НДС, руб
C5: Программируемые автономные контроллеры со встроенными считывателеми NOVIcam предназначены для создания автономных систем контроля и управления доступом.
C6: Кол-во польз-лей | D6: Режим работы | E6: Считыватель | F6: Клавиатура | G6: Управление замком | H6: Корпус | I6: Питание | J6: Особенности модели
B7: NOVICAM SB110 | C7: До 1000 | D7: Карта или общий пароль Карта и индивид.пароль Групповой | E7: 1 внешний Em-Marin/Mifare (Wiegand-26…37, Wiegand-4/8/10) | F7: ПДУ Считыватель | G7: Эл.-мех. Реле. Н.Р./Н.З. | H7: ABS пластик, -40...+60°С | I7: DC 9-24В, 1.2 Вт | J7: Возможность передачи БД на другой SB110; Программирование ПДУ и мастер-картами; "Мокрые" или "сухие" контакты реле; Световая и звуковая индикация; Подключение кнопки выхода. | K7: 26.4 | L7: =ROUNDUP(K7*$A$1,2) -> 52.8
B8: NOVICAM SE120W (ver.4250) | C8: До 2000 | D8: Только карты | E8: 1 свой Em-Marin | F8: ПДУ | H8: ABS пластик, -45...+60°С, IP66 | I8: DC 9-24В, 0.48 Вт | J8: Мастер ключи в комплекте; Программирование ПДУ и мастер-картами; Подключение кнопки выхода; Световая и звуковая индикация; Функция редотвращения несанкционированного доступа; Фотодатчик вскрытия корпуса. | K8: 28 | L8: =ROUNDUP(K8*$A$1,2) -> 56
B9: NOVICAM SE120W (ver.4027) | F9: - | G9: Эл.-мех. релеЭл.-мех. реле Н.Р./Н.З. импульс 3А, AC 250В 3А, DC 30В | H9: ABS пластик, -45...+60°С, IP65 | I9: DC 12В, 1.2 Вт | J9: Мастер и блокирующий ключи в комплекте; Программирование картами и переключателями; Подключение кнопки выхода; Световая и звуковая индикация. | K9: 32 | L9: =ROUNDUP(K9*$A$1,2) -> 64
B10: NOVICAM SE15K | C10: До 1000 | D10: Карта или общий пароль Карта и индивид.пароль | E10: 1 свой Em-Marin + 1 внеш. Em-Marin (Wiegand-26) | F10: Встроенная (мех.кнопки) | H10: ABS пластик, 0...+45°С | J10: Кодовое программирование; Световая и звуковая индикация; Кнопка для дверного звонка; Подключение кнопки выхода. | K10: 19.5 | L10: =ROUNDUP(K10*$A$1,2) -> 39
B11: NOVICAM SE15KW | C11: До 500 | F11: Встроенная с подсветкой (мех.кнопки) | H11: Металл, -45...+60°С, IP65 | I11: DC 12В, 4.8 Вт | J11: Кнопка для управления звонком; Подключение кнопки выхода; Световая и звуковая индикация; Поддержка датчика двери; Тревожные вход и выход; Механический датчик вскрытия корпуса. | K11: 67.8 | L11: =ROUNDUP(K11*$A$1,2) -> 135.6
B12: NOVICAM SE210KW | C12: До 1000 | E12: 1 свой Em-Marin | G12: Твердотельное реле Н.Р./Н.З. импульс/триггер 2А, AC 250В 2А, DC 30В | H12: Металл, -45...+60°С, IP66 | I12: DC 12-24В, 1.2 Вт | J12: "Мокрые" контакты реле; Подключение кнопки выхода; Световая и звуковая индикация; Фотодатчик вскрытия корпуса. | K12: 52.4 | L12: =ROUNDUP(K12*$A$1,2) -> 104.8
B13: NOVICAM SFE15K | C13: До 500 отпечатков, До 500 карт | D13: Отпечаток или карта или пароль | E13: 1 свой для отпечатков, 1 свой Em-Marin + Выход Wiegand | F13: Встроенная | G13: Транзистор с выносной платой управления Н.Р./Н.З. импульс/триггер | H13: ABS пластик, -20...+50°С | I13: DC 12В, 1.2 Вт | J13: Встроенная кнопка для управления звонком; Программирование кодовое, мастер-картами, мастер-отпечатками; Выходной интерфейс Wiegand-26 для работы в качестве считывателя; Подключение кнопки выхода и звонка; Световая и звуковая индикация; Тревожный выход; Механический датчик вскрытия корпуса. | K13: 78 | L13: =ROUNDUP(K13*$A$1,2) -> 156
B14: NOVICAM SFE120W | C14: До 1000 отпечатков, До 2000 карт | D14: Только карты Карта или отпечаток Только отпечаток Групповой | F14: ПДУ | G14: Эл.-мех. реле Н.Р./Н.З. импульс/триггер 2А, AC 250В 2А, DC 30В | H14: Металл, -40...+60°С, IP66 | I14: DC 12В, 1.8 Вт | J14: Выходной интерфейс Wiegand-26 для работы в качестве считывателя; Программирование ПДУ и мастер-картами; Подключение кнопки выхода; Световая и звуковая индикация; Тревожные вход/выход; Фотодатчик вскрытия корпуса. Класс защиты IP66. | K14: 125.4 | L14: =ROUNDUP(K14*$A$1,2) -> 250.8
C16: Кнопки выхода | L16: цена
C17: Кнопки выхода NOVIcam предназначены для использования в системах контроля доступа, домофонных системах, организации запасных и пожарных выходов.
C18: Материал корпуса | D18: Тип кнопки | E18: Тип контактов | F18: Монтаж | G18: Коммутация | H18: Питание | J18: Особенности модели
B19: NOVICAM B10 | C19: Пластик | D19: Механическая | E19: Н.Р., Н.З. | F19: накладной | G19: Винтовые зажимы | H19: - | J19: Максимальные коммутируемые ток и напряжение 3А, DC 36В | K19: 0.5 | L19: =ROUNDUP(K19*$A$1*1.5,1) -> 1.5
B20: NOVICAM B20 | G20: Клеммная колодка | K20: 1.3 | L20: =ROUNDUP(K20*$A$1*1.5,1) -> 3.9
B21: NOVICAM B21 | E21: Н.Р. | F21: врезной | G21: Винтовые зажимы | K21: 1.6 | L21: =ROUNDUP(K21*$A$1*1.5,1) -> 4.8
B22: NOVICAM B31 | C22: Металл | K22: 3.2 | L22: =ROUNDUP(K22*$A$1*1.5,1) -> 9.6
B23: NOVICAM B41 | F23: накладной | K23: 4.5 | L23: =ROUNDUP(K23*$A$1*1.5,1) -> 13.5
B24: NOVICAM B41L | G24: 4-х проводная подготовка | H24: DC 12В, 0.6Вт | K24: 7.6 | L24: =ROUNDUP(K24*$A$1*1.5,1) -> 22.8
B25: NOVICAM B50SL | C25: Металл и пластик | D25: 5-ти проводная подготовка | E25: Н.Р., Н.З. | F25: врезной | G25: 5-ти проводная подготовка | K25: 11.7 | L25: =ROUNDUP(K25*$A$1*1.5,1) -> 35.1
B26: NOVICAM B60ТL | C26: Пластик | F26: накладной | H26: DC 12-24В, 0.6Вт | K26: 9.5 | L26: =ROUNDUP(K26*$A$1*1.5,1) -> 28.5
C28: Идентификаторы | L28: цена
C29: Идентификаторы стандартов EM-Marin и Mifare предназначены для использования в системах контроля доступа в качестве ключа для прохода и идентификации владельца.
C30: Стандарт | D30: Емкость памяти | E30: Программирование | F30: Расстояние считывания | H30: Форм фактор | J30: Особенности модели
B31: NOVICAM EC10 | C31: Em-Marin | D31: 64 бита | E31: чтение | F31: до 10 см | H31: Тонкая карта | J31: Встроеные чип и антенна. Запрограммирован индивидуальный код. На EC10,11 и ET10 он нанесен на поверхность карты. | K31: 0.12 | L31: 1
B32: NOVICAM EC11 | H32: Карта | K32: 0.12 | L32: 1
B33: NOVICAM ET10 | H33: Брелок | K33: 0.18 | L33: =ROUNDUP(K33*$A$1*1.5,2) -> 0.54
B34: NOVICAM MC10 | C34: Mifare | D34: 1024 байт (16 секторов по 64 байта) | E34: чтение/запись | H34: Тонкая карта | K34: 0.14 | L34: 1
B35: NOVICAM MC11 | H35: Карта | K35: 0.2 | L35: =ROUNDUP(K35*$A$1*1.5,2) -> 0.6
B36: NOVICAM MT10 | H36: Брелок | K36: 0.25 | L36: =ROUNDUP(K36*$A$1*1.5,2) -> 0.75
B37: NOVICAM EB10 Red/Blue | C37: EM-Marin | D37: 64 бита | E37: чтение | H37: Браслет | J37: Идентификатор выполнен в виде браслета, в который встроены чип и антенна. Материал браслета - силикон | K37: 0.88 | L37: =ROUNDUP(K37*$A$1*1.5,2) -> 2.64
B38: NOVICAM MB10 Red/Blue | C38: Mifare | D38: 1024 бита | E38: чтение/запись | K38: 0.92 | L38: =ROUNDUP(K38*$A$1*1.5,2) -> 2.76
C40: Считыватель | L40: цена
C41: Считыватели предназначены для считывания карт и брелоков доступ. Подключаются к контроллерам СКУД.
C42: Формат | D42: Интерфейс | E42: Индикация | F42: Коммутация | G42: Монтаж | H42: Корпус | I42: Питание | J42: Особенности модели
B43: ER12W | C43: Em-Marin | D43: Wiegand-26/34 | E43: Световая и звуковая | F43: 7-ми проводная подготовка | G43: Накладной | H43: ABS пластик, -35...+50°С IP65 | I43: DC 5-16В | J43: Классический дизайн; Компактные габаритные размеры. | K43: 15 | L43: =ROUNDUP(K43*$A$1,2) -> 30
B44: MR12W | C44: Mifare 13.56 МГц | K44: 21 | L44: =ROUNDUP(K44*$A$1,2) -> 42
B45: ER22W | C45: Em-Marin | D45: Wiegand-26 | E45: Световая и звуковая | F45: 6-ти проводная подготовка | G45: Накладной | H45: Цинковый сплав, ABS пластик | I45: DC 9-24В, <0.025А | J45: Антивандальное всепогодное исполнение. | K45: 37 | L45: =ROUNDUP(K45*$A$1,2) -> 74
B46: MR22W | C46: Mifare | D46: Wiegand-26 | K46: 42 | L46: =ROUNDUP(K46*$A$1,2) -> 84
B47: MR22BW | C47: Mifare и Bluetooth | D47: Wiegand-26/34 | E47: Световая и звуковая | F47: 6-ти проводная подготовка | G47: Накладной | H47: Цинковый сплав, ABS пластик | I47: DC 12В, <0.5А | J47: Антивандальное всепогодное исполнение. Дальность считывания Bluetooth до 30 м (прямая видимость) | K47: 0 | L47: =ROUNDUP(K47*$A$1,2) -> 0
C49: Замки | L49: цена
C50: Электромеханические замки NOVIcam предназначены для запирания дверей, калиток, ворот и могут использоваться совместно с контроллерами СКУД, домофонами, кодовыми панелями.
C51: Управление | F51: Питание | G51: Особенности модели
B52: NOVICAM DL10 | C52: Изнутри: кнопка Снаружи: ключ Напряжение | F52: DC 12В | G52: Накладной тип установки Для дверей с максимальной толщиной - 80 мм Стальной корпус с нержавеющим напылением Подходит для всех типов дверей (правые, левые, открывающиеся внутрь и наружу) Температура эксплуатации -45°С ~ +50°С | K52: 13.65 | L52: =ROUNDUP(K52*$A$1*1.5,2) -> 40.95
B53: NOVICAM DL11 | C53: Изнутри: кнопка, ключ Снаружи: ключ Напряжение | F53: DC/AC 9-15В | K53: 17 | L53: =ROUNDUP(K53*$A$1*1.5,2) -> 51
C54: Электромагнитный замок NOVIcam DL предназначен для запирания дверей, калиток, ворот и может использоваться совместно с контроллерами СКУД, домофонами, кодовыми панелями. Управление замком осуществляется кратковременным отключением питания.
C55: Сила удержания, кг | E55: Питание | F55: Особенности модели
B56: NOVICAM DL180 | C56: 180 | E56: DC 12/24В. | F56: Дополнительно для разных типов дверей к этим замкам можно приобрести кронштейны для удобного крепления. | K56: 14.95 | L56: =ROUNDUP(K56*$A$1*1.5,2) -> 44.85
B57: NOVICAM DL280 | C57: 280 | K57: 17.55 | L57: =ROUNDUP(K57*$A$1*1.5,2) -> 52.65
B58: NOVICAM DL350 | C58: 350 | K58: 26.3 | L58: =ROUNDUP(K58*$A$1*1.5,2) -> 78.9
C60: Аксессуары к замкам | L60: цена
C61: Кронштейны NOVIcam предназначен для монтажа электромагнитного замка DL серии на дверь. Кронштейны представляют из себя металлические изделия со специальными отверстиями.
C62: Тип кронштейна | E62: Совместимость | F62: Особенности модели
B63: NOVICAM LH180 | C63: L | E63: DL180 | K63: 4.23 | L63: =ROUNDUP(K63*$A$1*1.5,2) -> 12.69
B64: NOVICAM LH280 | E64: DL280 | K64: 4.23 | L64: =ROUNDUP(K64*$A$1*1.5,2) -> 12.69
B65: NOVICAM LH350 | E65: DL350 | K65: 5.8 | L65: =ROUNDUP(K65*$A$1*1.5,2) -> 17.4
B66: NOVICAM ZH180 | C66: Z | E66: DL180 | K66: 6.83 | L66: =ROUNDUP(K66*$A$1*1.5,2) -> 20.49
B67: NOVICAM ZH280 | E67: DL280 | K67: 7.8 | L67: =ROUNDUP(K67*$A$1*1.5,2) -> 23.4
B68: NOVICAM ZH350 | E68: DL350 | K68: 10.2 | L68: =ROUNDUP(K68*$A$1*1.5,2) -> 30.6
B69: NOVICAM UH180 | C69: U | E69: DL180 | F69: Для стеклянной двери | K69: 4.88 | L69: =ROUNDUP(K69*$A$1*1.5,2) -> 14.64
B70: NOVICAM UH280 | E70: DL280; DL350 | K70: 6.5 | L70: =ROUNDUP(K70*$A$1*1.5,2) -> 19.5
C71: Дверные доводчики NOVIcam DK предназначены для плавного и контролируемого закрывания двери, а также для гарантированного срабатывания запирающих механизмов.
C72: Класс | E72: Максимальная масса | F72: Ширина дверного проема | J72: Особенности модели
B73: NOVICAM DK104 | C73: EN4 | E73: 85 кг | F73: 1100 мм | J73: Универсальные, двухскоростные. Скорость доводки и закрывания двери регулируется с помощью двух клапанов. | K73: 12.68 | L73: =ROUNDUP(K73*$A$1*1.5,2) -> 38.04
B74: NOVICAM DK105 | C74: EN5 | E74: 120 кг | F74: 1250 мм | K74: 14.63 | L74: =ROUNDUP(K74*$A$1*1.5,2) -> 43.89
C75: Гибкие переходы предназначенs для установки в системах контроля и управления доступом, а также системах охранной сигнализации для предохранения кабеля от механического повреждения в местах его перехода с дверей или ворот.
C76: Материал крепления | E76: Длина | F76: Внутренний диаметр | J76: Особенности модели
B77: Гибкие переходы P40 | C77: пластик | E77: 40см | F77: 6 см | J77: Кабельный переход выполнен из металлической гофротрубы | K77: 3 | L77: =ROUNDUP(K77*$A$1*1.5,2) -> 9
B78: Гибкие переходы P40M | C78: металл | K78: 4.8 | L78: =ROUNDUP(K78*$A$1*1.5,1) -> 14.4

Sheet PV-LINK
A1: =Распродажа!$A$1 -> 2
C2: PV-Link
D3: Коммутационное оборудование ТМ PV-Link на протяжении несколько лет подтверждает свое качество, представляя выверенный ассортимент вспомогательной продукции для систем видеонаблюдения. Видеотрансиверы для передачи в реальном времени качественного цветного и чёрно-белого видео- и аудио- сигналов, данных - с использованием проводов неэкранированной витой пары UTP, а также блоки питания, устройства грозозащиты, PoE оборудование, коннекторы, патч-корды, витая пара UTP, коаксиальный кабель и дополнительные аксессуары. Запас по рабочим параметрам изделий обеспечивает требуемые характеристики даже в самых сложных условиях инсталляции. На продукцию ТМ PV-Link распространяется гарантия 3 года.
C4: ПЕРЕДАЧА ВИДЕОСИГНАЛА ПО ВИТОЙ ПАРЕ
D6: Пассивные приемо-передатчики видеосигнала по витой паре | N6: цена c НДС, руб
D8: Максимальная дальность, м | K8: Кратность упаковки | L8: Особенности
D9: Мышь или клавиатура | F9: USB флэш | H9: Мышь, клавиатура, флэшка через USB-hub
C10: PV-USB01E | D10: 150 | F10: 20 | H10: 20 | K10: 50 | L10: Предназначен для увеличения расстояния передачи USB сигнала через стандартный Ethernet кабель (UTP cat5e). | M10: 34 | N10: =ROUNDUP(M10*$A$1,2) -> 68
D12: Максимальная дальность, м | J12: Количество каналов | K12: Тип | L12: Особенности
D13: Аналог | E13: AHD | G13: CVI | I13: TVI
E14: 720p/960p | F14: 1080p | G14: 720p | H14: 1080p | I14: 720/1080p
C15: PV-207HD | D15: 400 | E15: 320 | F15: 250 | G15: 400 | H15: 230 | I15: 200 | J15: 1 | K15: Пассивный приемо-передатчик | L15: Всепогодный, компактный, фиксация друг с другом, грозозащита | M15: 3.7 | N15: =ROUNDUP(M15*$A$1,2) -> 7.4
D17: Максимальная дальность передачи совместно с PV-207HD, м | I17: Тип | J17: Количество каналов | K17: Кратность упаковки | L17: Особенности
C18: PV-401R | D18: Ч/б - 600, Цвет - 400 | I18: Пассивный приемо-передатчик | J18: 4 | K18: 94 | L18: Грозозащита (сертификат ITU K21 до 4кВ) | M18: 12.6 | N18: =ROUNDUP(M18*$A$1,2) -> 25.2
C19: PV-1601R | J19: 16 | K19: 10 | M19: 115.2 | N19: =ROUNDUP(M19*$A$1,2) -> 230.4
D21: Активные (с усилением) приемо-передатчики и трансивер по витой паре | N21: цена
D23: Максимальная дальность передачи Видео | I23: Тип | J23: Количество каналов | K23: Кратность упаковки | L23: Особенности
C24: PV-351T | D24: + PV-351R или PV1610RJ= Ч/б - 2800, Цвет - 2000 | I24: Активный передатчик | J24: 1 | K24: 98 | L24: Грозозащита (сертификат ITU K21 до 4кВ) | M24: 17 | N24: =ROUNDUP(M24*$A$1,2) -> 34
C25: PV-351R | D25: +PV-207 = Ч/б - 2000м, Цвет - 1300м +PV-351T = Ч/б - 2800м, Цвет - 2000м | I25: Активный приемник | L25: регуляторы настройки на длину линии передачи видеосигнала | M25: 15 | N25: =ROUNDUP(M25*$A$1,2) -> 30
C26: PV-1610RJ | J26: 16 | K26: 10 | M26: 210 | N26: =ROUNDUP(M26*$A$1,2) -> 420
D28: Максимальная дальность передачи, м | I28: Тип | J28: Количество каналов | K28: Тип | L28: Особенности
D29: Видео | F29: Питания
D30: пассивный приемник | E30: активный приемник | F30: 100 мА | G30: 250 мА | H30: 450 мА
C31: PV-3001D | D31: Ч/б - 600, Цвет - 400 | E31: Ч/б - 2000, Цв. - 1300 | F31: 1000 | G31: 375 | H31: 210 | I31: Пассивный приемопередатчик | J31: 1 | K31: Трансивер | L31: Грозозащита (сертификат ITU K21 до 4кВ). Контакты под разъём RJ45 от витой пары. Преобразование AC24В в DC 12В | M31: 8.8 | N31: =ROUNDUP(M31*$A$1,2) -> 17.6
D33: Удлинитель аналогового VGA сигнала | N33: цена
D35: Максимальная дальность передачи Видео, м | J35: Количество каналов | K35: Кратность упаковки | L35: Особенности
C36: PV-VGA01E | D36: Full HD 1080р - 50 VGA - 185 | J36: 1 | L36: Компактный дизайн, отсутствие питания | M36: 50 | N36: =ROUNDUP(M36*$A$1,2) -> 100
C38: КАБЕЛЬ КОАКСИАЛЬНЫЙ СОЕДИНИТЕЛЬНЫЙ С РАЗЪЕМАМИ, КОННЕКТОРЫ
D40: Коннекторы | N40: цена
D42: Назначение | I42: Особенности
C43: PV-T2BNC | D43: Подключение кабеля к BNC коннектору | I43: - удобные зажимные контакты - цветовая маркировка, - только отвертка для соединения, - нержавеющая сталь, - напряжение до 24В | M43: 0.6 | N43: =ROUNDUP(M43*$A$1,2) -> 1.2
C44: PV-T2M | D44: Подключения питания к камере (мама) | M44: 0.6 | N44: =ROUNDUP(M44*$A$1,2) -> 1.2
C45: PV-T2F | D45: Подключения питания к камере (папа) | M45: 0.6 | N45: =ROUNDUP(M45*$A$1,2) -> 1.2
C46: PV-T2RCA | D46: Подключение кабеля к RCA коннектору | M46: 0.6 | N46: =ROUNDUP(M46*$A$1,2) -> 1.2
B48: PV-Link PV-S2BNC | D48: Коннектор BNC для коаксиального кабеля | I48: Минусовой контакт - никеллированный цинк. Центральная жила - под винт | L48: Обеспечивает надежный контакт Высокая долговечность | M48: 0.6 | N48: =ROUNDUP(0.6*$A$1,2) -> 1.2
B49: PV-BNC (RG6U) Gold | I49: Позолочены центральные плюсовой и минусовой контакты | M49: 0.46 | N49: =ROUNDUP(0.46*$A$1,2) -> 0.92
B50: PV-BNC (RG6U) | I50: Позолочен центральный контакт | M50: 0.58 | N50: =ROUNDUP(0.34*$A$1,2) -> 0.68
D52: Кабель | N52: цена
D54: Назначение | I54: Длина, см | J54: Особенности
B55: PV-BNC50 | D55: Патч - корд BNC (п) - BNC (п) | I55: 50 | J55: - разъёмы BNC высокого качества - папа (центральный контакт медный c золотым покрытием для предотвращения окисления) - Экономия времени и удобство соединения | M55: 1.4 | N55: =ROUNDUP(M55*$A$1,2) -> 2.8
B56: PV-BNC150 | I56: 150 | M56: 2.2 | N56: =ROUNDUP(M56*$A$1,2) -> 4.4
D58: Стандарт | E58: Экран | F58: Оплетка | G58: Материал проводника | I58: Диаметр центральной жилы, мм | K58: Внешняя оболочка
B59: PV-RG6U | D59: RG6U | E59: Al | G59: CCS | I59: 1.03 | K59: Поливинил хлорид, серый, 6,8 мм | M59: 0.23 | N59: 1
B60: PV-UTP | D60: UTP 24AWG TIA/EIA 568B.2 ISO/IEC11801 | E60: - | G60: ССА | I60: 0.511 | K60: HD-PE (серая). | M60: 0.19 | N60: 1
C62: ПРОФЕССИОНАЛЬНЫЕ РоЕ УСТРОЙСТВА
D64: Одноканальные PoE устройства | N64: цена
D66: Назначение | G66: Стандарт | H66: Выходная мощность | J66: Внутренняя пропускная способность | L66: Особенности
A67: PV-POE01MS | D67: Питание оконечных сетевых устройств, не поддерживающих стандарт POE. | G67: IEEE 802.3af/at | H67: - | J67: 100 Мбит/с | L67: Светодиодные индикаторы. | M67: 13.2 | N67: =ROUNDUP(M67*$A$1,2) -> 26.4
A68: PV-PОЕ01GB | D68: Передача электропитания через стандартный Ethernet кабель одновременно вместе с данными. | G68: IEEE 802.3a | H68: до 15.4Вт | J68: 1Гб/с | L68: Светодиодные индикаторы. Специальный дизайн корпуса позволяет жёстко соединить несколько инжекторов друг с другом. | M68: 31.6 | N68: =ROUNDUP(M68*$A$1,2) -> 63.2
A69: PV-POE01ME | D69: Увеличение расстояния передачи электропитания и данных через стандартный Ethernet кабель на 100м | G69: IEEE 802.3af/at | H69: 13 Вт (при мощности источника POE 15.4 Вт) | J69: 10/100 Мбит/с | L69: Для работы устройства нет необходимости вести отдельное питание, дизайн корпуса позволяет закрепить удлиннитель с помощью винтов. | M69: 50 | N69: =ROUNDUP(M69*$A$1,2) -> 100
D71: Многопортовые коммутаторы PoE | N71: цена
D72: Предназначены для удаленного питания и объединения потоков данных с IP устройств.
D73: Питание | F73: Количество выходов | H73: Выходная мощность | J73: Макс. дальность | K73: Внутр. Пропускная способность | L73: Особенности
A74: PV-POE04M1 | D74: DC 48В, АС 100-240В (внешний адаптер) | F74: 4xLAN с PoE 1xLAN | H74: 65 Вт | J74: до 200 м | K74: 1,0 Гбит/с | L74: 10/100 Мб/с , светодиодные индикаторы, поддержка автоматического определения полярности MDI/MDI-X на всех портах, металлический корпус. | M74: 64.8 | N74: =ROUNDUP(M74*$A$1,2) -> 129.6
A75: PV-POE08M1 | F75: 8xLAN с PoE 1xLAN | H75: 125 Вт | K75: 1,8 Гбит/с | M75: 113.2 | N75: =ROUNDUP(M75*$A$1,2) -> 226.4
B76: PV-POE 16G2F1 | D76: АС 100-240В 50/60Гц | F76: 16 х LAN с POE 2 x LAN, 1 x SFP | H76: 200 Вт | J76: до 100 м | K76: 7.2 Гбит/с | M76: 314 | N76: =ROUNDUP(M76*$A$1,2) -> 628
A77: PV-POE24G2F2 | F77: 24xLAN с PoE 2xLAN, 2хSFP | H77: 250 Вт | J77: до 100 м | K77: 5,6 Гбит/с | M77: 511.7 | N77: =ROUNDUP(M77*$A$1,2) -> 1023.4
A78: PV-POE04G2W | F78: 4xLAN с PoE 2xLAN | H78: 65 Вт | K78: 1,0 Гбит/с | L78: Уличное исполнение IP66. Соединения сетевых кабелей внутри корпуса. | M78: 129.9 | N78: =ROUNDUP(M78*$A$1,2) -> 259.8
C80: ПРОФЕССИОНАЛЬНЫЕ БЛОКИ ПИТАНИЯ
C81: Профессиональные блоки питания предназначены для преобразования напряжения 220В сети переменного тока в напряжение 12В постоянного, и 24В переменного токов для питания видеокамер охранного видеонаблюдения
D82: Стандартные блоки постоянного тока | N82: цена
D84: Максимальный выходной ток | F84: Выходная мощность | H84: Количество выходов DC | J84: Кратность упаковки | K84: Особенности
B85: PV-DC05A | D85: 0,5 А | F85: 6,0 Вт | H85: 1 | K85: - Запас прочности по электрическим нагрузкам. - Эргономичный компактный корпус. - Подходит для углубленных розеток. - Выходной разъем DC для удобства коммутации. - Широкий диапазон входного напряжения 100 ~240В. - Защита от перегрузок по напряжению, по току, от короткого замыкания. | M85: 4.4 | N85: =ROUNDUP(M85*$A$1,2) -> 8.8
B86: PV-DC1A | D86: 1 А | F86: 12 В | J86: 44 | M86: 7 | N86: =ROUNDUP(M86*$A$1,2) -> 14
B87: PV-DC2A | D87: 2 А | F87: 24 Вт | J87: 40 | M87: 13 | N87: =ROUNDUP(M87*$A$1,2) -> 26
B88: PV-DC3A | D88: 3 А | F88: 36 Вт | J88: 40 | M88: 17.8 | N88: =ROUNDUP(M88*$A$1,2) -> 35.6
B90: PV-DC1Am | D90: 1 А | F90: 12 Вт | H90: 2 | J90: 40 | K90: - Отсек для коммуникации, IP 54 - Индикатор напряжения 12В - Защита от перегрузок по напряжению и току и КЗ | M90: 8.4 | N90: =ROUNDUP(M90*$A$1,2) -> 16.8
B92: PV-DC5As | D92: 5 А | F92: 72,5 Вт | H92: 4 | J92: 40 | K92: - Самовосстанавливающийся предохранитель 6А. - Удобное крепление на стену - Световой индикатор - Защита от перегрузок по напряжению и току и КЗ - Регулировка выходного напряжения | M92: 26 | N92: =ROUNDUP(M92*$A$1,2) -> 52
B94: PV-DC1AW | D94: 1 А | F94: 12 Вт | H94: 1 | K94: - Широкий диапазон входного напряжения от 100 до 240В - Защита от перегрузок по напряжению и по току - Защита от короткого замыкания - Компактный герметичный корпус с классом защиты IP68 - Профессиональный блок питания способен работать в режиме 24/7 без ухудшения параметров | M94: 10 | N94: =ROUNDUP(M94*$A$1,2) -> 20
B95: PV-DC2AW | D95: 2 А | F95: 12 Вт | H95: 1 | M95: 16.7 | N95: =ROUNDUP(M95*$A$1,2) -> 33.4
B96: PV-DC3AW | D96: 3 А | F96: 12 Вт | H96: 1 х провода с лужёнными жилами | M96: 23 | N96: =ROUNDUP(M96*$A$1,2) -> 46
B97: PV-DC5AW | D97: 5 А | F97: 12 Вт | H97: 1 х провода с лужёнными жилами | M97: 28.4 | N97: =ROUNDUP(M97*$A$1,2) -> 56.8
D99: Резервированные блоки постоянного тока | N99: цена
D101: Максимальный выходной ток | F101: Выходная мощность | H101: Количество выходов DC | J101: Кратность упаковки | K101: Особенности
B102: PV-DC2A+ | D102: 2 А | F102: 24 Вт | H102: 1 | J102: 30 | K102: - Уличный - IP67, герметичные разъёмы. - Возможность подключения внешнего 12В аккумулятора любой ёмкости. - Предусмотрен герметичный отсек для коммутаций и размещения приёмо-передатчика по витой паре. - Защита от перегрузок по напряжению и току и КЗ - Световая индикация работы устройства | M102: 30.7 | N102: =ROUNDUP(M102*$A$1,2) -> 61.4
B103: PV-DC3Ab (АКБ в комплекте) | D103: 3 А | F103: 36 Вт | H103: 1 | J103: 10 | M103: 51.4 | N103: =ROUNDUP(M103*$A$1,2) -> 102.8
B104: PV-DC3Ab (без АКБ) | D104: 3 А | F104: 36 Вт | H104: 1 | J104: 10 | M104: 47 | N104: =ROUNDUP(M104*$A$1,2) -> 94
B106: PV-DC5A+ | D106: 5 А | F106: 60 Вт | H106: 9 | J106: 10 | K106: - Место для 1 (2 для PV-DC10A+) аккумуляторов - Независимые выходы с индивидуальными самовосстанавливающимися предохранителями и индикаторами работы. - световая индикация работы каждого канала - Лёгкость монтажа / демонтажа. - Удобные входы для подключения камер. - Металлический корпус с замком. - Кабель N98:O98для подключения к сети в комплекте. - Регулировка выходного напряжения - Защита от перегрузок по напряжению, по току, от короткого замыкания. Выход на 2 АКБ (для PV-DC5AL+) | M106: 57.4 | N106: =ROUNDUP(M106*$A$1,2) -> 114.8
B107: PV-DC5AL+ | D107: 5 А | F107: 60 Вт | H107: 9 | M107: 77.8 | N107: =ROUNDUP(M107*$A$1,2) -> 155.6
B108: PV-DC10A+ | D108: 10 А | F108: 120 Вт | H108: 18 | J108: 5 | M108: 103.9 | N108: =ROUNDUP(M108*$A$1,2) -> 207.8
D110: Блоки питания переменного тока | N110: цена
D112: Максимальный выходной ток | F112: Выходная мощность | H112: Количество выходов AC | J112: Кратность упаковки | K112: Особенности
B113: PV-AC3A | D113: 3 А | F113: 72 Вт, 24 В | H113: 1 | J113: 8 | K113: Питание далеко расположенных камер DC12 Вольт c помощью PV-3001D. Блок питания подходит к купольным поворотным камерам, AC24V | M113: 21.2 | N113: =ROUNDUP(M113*$A$1,2) -> 42.4
C115: ПРОФЕССИОНАЛЬНОЕ ТЕСТОВОЕ ОБОРУДОВАНИЕ | N115: цена
D116: Средство настройки и диагностики IP камер в системах видеонаблюдения. Прямое подключение к IP камере через RJ-45; получение видеосигнала и трансляция его по собственной Wi-Fi сети.
D117: Аккумулятор | F117: Время работы | H117: Дальность передачи видео | J117: Пользователи | L117: Особенности
A118: PV-Link IPCAM TESTER | D118: 1800 мАч | F118: 4/10 ч (работа/ожидание) | H118: До 100 м | J118: До 20 одновременных подключений | L118: Возможность подзарядки телефона, наглядный световой индикатор заряда | M118: 22.54 | N118: =ROUNDUP(M118*$A$1*1.5,1) -> 67.7

Sheet Распродажа
A1: ='Акции и спецпредложения'!$A$1 -> 2
B2: Распродажа
C4: Комплект "Продвинутый" | O4: цена | P4: инсталятор | Q4: оптовик
C6: Антивандальная IP камера 1080р NOVIcam PRO NC22VPR с WDR120 Дб + MicroSD 64Гб +PoE инжектор • Просмотр видео с камер онлайн в высоком качестве на любых устройствах • Запись и хранение видео локально и в облаке. • Анализ видео и получение уведомления о подозрительном движении и звуке с помощью push- и email-уведомлений • Удобный поиск и просмотр записанного видео с камер наблюдения • Просмотр видео в высоком качестве даже при слабом канале связи или 3G • Легко подключать нужное количество камер • Настройка доступа к камерам и предоставление его другим пользователям • Безопасная передача и хранение данные благодаря высокой степени защиты • встраивать видео с них на сайт и в блог или поделиться ссылкой на камеру в Facebook, Twitter, VK и других социальных сетях.
B7: Матрица | C7: Люкс | D7: Разрешение | E7: Объектив мм | F7: Угол диаг. | G7: ИК | H7: Питание | I7: Особенности модели
A8: NOVIcam PRO NC22VPR | B8: 1/2.8" 2.1 Mpix SONY Progressive Scan CMOS | C8: 0.01 0 (ИК вкл) | D8: 1080p (1920х1080) 25/30 к/с 960p (1280x960) 25/30 к/с 720p (1280x720) 25/30 к/с | E8: 2.8 | F8: 120º | G8: 30м IR-cut | H8: DC 12В±10% 0.42А (ИК вкл.) | I8: Супер-антивандальный корпус IK10, WDR 120Дб, MicroSD 64 Гб, Поддержка сервиса iVideon | O8: =172*$A$1 -> 344 | P8: =155*$A$1 -> 310 | Q8: =140*$A$1 -> 280
C10: Пульт управления камерами | O10: цена | P10: инсталятор | Q10: оптовик
C12: Предназначение | F12: Питание | I12: Совместимость с камерами | O12: =ROUNDUP(N13*$A$1,2) -> 33.2
B13: NOVICAM PRO UTC | C13: Настройка встроенного UTC меню аналоговых камер | F13: Батарея в комплекте | I13: линейка аналоговых NOVIcam, поддерживающие функцию UTC | N13: 16.6 | O13: =4.99*$A$1 -> 9.98 | P13: =4.2*$A$1 -> 8.4 | Q13: =4*$A$1 -> 8
C15: Видеокамеры | O15: цена | P15: инсталятор | Q15: оптовик
C17: Матрица | D17: Люкс | E17: Разрешение | H17: Объектив | I17: Питание | J17: Особенности модели
B18: NOVICAM SDI-07 | C18: EXMOR SONY 1.3 Mpix CMOS 1/3" | D18: 0.1 | E18: 720p (1280x720) 25/30 к/с | H18: позволяет устанавливать любой мегапиксельный объектив | I18: 12v DC 400 мА | J18: Меню, RS-485 (управление меню), BLC, ATW, мех. ИК фильтр, микрофон, крепление под C/CS объектив, уличное исполнение | N18: 110.5 | O18: =ROUNDUP(N18*$A$1,2) -> 221 | P18: =ROUNDUP(ROUNDUP(N18*0.9,1)*$A$1,2) -> 199 | Q18: =ROUNDUP(ROUNDUP(N18*0.75,1)*$A$1,2) -> 165.8
C19: HD-SDI (High-Definition Serial Digital Interface) - последовательный цифровой интерфейс высокой чёткости (или разрешения). • Прекрасное изображение в HD и Full HD без компресии. Нет потери даже самых мелких деталей на изображении, поток передается без задержек. • Двухточечное соединение, а не через сеть,не требуются установки «Firewall» и других систем защиты сети. • HD-SDI сигналы транслируются с помощью коаксиальных кабелей. Можно использовать уже существующие коаксиальные кабели и значительно сэкономить средства на прокладку новых кабелей. • Дальность передачи видео до 130 метров, а при использовании ретрансляторов дальность не ограничена, без потери качества видео сигнала. • Нет необходимости знать конфигурацию сети или обладать знаниями IТ.
C21: Назначение | F21: Особенности
C22: Коннектор BNC для коаксиального кабеля | F22: Позолочены центральные плюсовой и минусовой контакты | O22: 0.57
B23: PV-BNC (RG6U) Gold | N23: 0.26 | O23: =0.26*$A$1 -> 0.52 | P23: =0.26*$A$1 -> 0.52 | Q23: =0.26*$A$1 -> 0.52
F24: Позолочен центральный контакт | O24: 0.43
B25: PV-BNC (RG6U) | N25: 0.19 | O25: =0.19*$A$1 -> 0.38 | P25: =0.19*$A$1 -> 0.38 | Q25: =0.19*$A$1 -> 0.38
